 Dungeon Crawl Stone Soup version 0.30-a0-172-gc5509c9e31 (webtiles) character file.

Game seed: 17591830104243386836

569990 qw the Bringer of Light (level 26, -9/179 HPs)
             Began as a Gargoyle Fighter on Oct 1, 2022.
             Was the Champion of the Shining One.
             Killed by divine providence
             ... invoked by a mummy priest
              (14 damage)
             ... on level 3 of the Tomb of the Ancients.
             The game lasted 00:33:46 (77203 turns).

qw the Bringer of Light (Gargoyle Fighter)         Turns: 77203, Time: 00:33:47

Health: -9/179     AC: 63    Str: 27    XL:     26   Next: 93%
Magic:  0/39       EV: 18    Int: 15    God:    the Shining One [******]
Gold:   4042       SH: 30    Dex: 19    Spells: 25/25 levels left

rFire   + . .      SeeInvis +    i - +8 broad axe (holy)
rCold   + . .      Faith    .    w - +2 tower shield
rNeg    + + +      Spirit   .    K - +6 plate armour {Will+}
rPois   inf        Reflect  +    h - +3 crown of Dyrovepreva {rElec Int+2 SInv}
rElec   +          Harm     .    B - +1 cloak of Tyicuag {rF+ Int+3 Slay+2}
rCorr   .          Rampage  .    o - +2 pair of gloves {infuse}
Will    ++++.      Rage     3%   y - +2 pair of boots
Stlth   ..........               t - amulet of reflection
HPRegen 0.49/turn                f - ring of Xanull {Will+ AC+4 Dex+2}
MPRegen 0.26/turn                F - +4 ring of evasion

@: about to teleport, marked, on berserk cooldown, flying, slowed, glowing, very
slow
A: sickness immunity, AC +20, big wings, negative energy resistance 1,
electricity resistance, torment resistance 1, petrification resistance, agile 2,
berserk 1, cold resistance 1, strong-willed 1, subdued magic 1, inability to
drink after injury 1
}: 3/15 runes: decaying, silver, gossamer
a: Renounce Religion, Divine Shield, Cleansing Flame, Summon Divine Warrior


You were on level 3 of the Tomb of the Ancients.
You worshipped the Shining One.
The Shining One was exalted by your worship.
You visited 11 branches of the dungeon, and saw 50 of its levels.

You collected 7634 gold pieces.
You spent 3592 gold pieces at shops.


Innate Abilities, Weirdness & Mutations

You are immune to sickness and miasma.
Your stone body is resilient. (AC +20)
You are immune to poison.
Your large and strong wings let you fly.
You resist negative energy. (rN+)
You are resistant to electric shocks. (rElec)
You are resistant to unholy torment.
You are immune to petrification.
You are very agile. (Dex +8, Str/Int -2)
You sometimes lose your temper in combat.
Your flesh is cold resistant. (rC+)
You are strong-willed. (Will+)
Your spells are a little easier to cast, but a little less powerful.
You occasionally lose the ability to drink potions when taking damage.


   Skills:
 - Level 22.0 Fighting
 - Level 18.0 Axes
 - Level 12.0 Throwing
 - Level 20.8 Armour
 - Level 12.0 Dodging
 - Level 21.3 Shields
 + Level 24.1 Invocations


You had 25 spell levels left.
You didn't know any spells.
Your spell library was empty.

Inventory:

Hand Weapons
 i - a +8 broad axe of holy wrath (weapon)
 k - the +8 broad axe "Siykhih" {vorpal, rC+ Will++}
   (Okawaru gifted it to you on level 5 of the Lair of Beasts)

   It inflicts extra damage upon your enemies.
   rC:        It protects you from cold.
   Will:      It greatly increases your willpower.
 x - the +0 war axe "Guokec" {flame, rCorr MP+9 Str+2 Int-3}
   (Okawaru gifted it to you on level 15 of the Dungeon)

   It burns those it strikes, dealing additional fire damage.
   Big, fiery blades are also staple armaments of hydra-hunters.
   Str:       It affects your strength (+2).
   Int:       It affects your intelligence (-3).
   MP:        It affects your magic capacity (+9).
   rCorr:     It protects you from acid and corrosion.
Missiles
 q - 23 boomerangs
 z - a silver boomerang (quivered)
Armour
 h - the +3 crown of Dyrovepreva (worn) {rElec Int+2 SInv}
   (You found it on level 3 of the Lair of Beasts)

   Int:       It affects your intelligence (+2).
   rElec:     It insulates you from electricity.
   SInv:      It lets you see invisible.
 o - a +2 pair of gloves of infusion (worn)
 r - a +2 plate armour of cold resistance
 w - a +2 tower shield (worn)
 y - a +2 pair of boots (worn)
 B - the +1 cloak of Tyicuag (worn) {rF+ Int+3 Slay+2}
   (Okawaru gifted it to you on level 4 of the Swamp)

   Int:       It affects your intelligence (+3).
   Slay:      It affects your accuracy & damage with ranged weapons and melee
   (+2).
   rF:        It protects you from fire.
 H - +0 acid dragon scales
 I - the +2 cloak of Kikubaaqudgha's Regard {Harm Drain rC+ Int+5}
   (You acquired it on level 12 of the Dungeon)

   Int:       It affects your intelligence (+5).
   rC:        It protects you from cold.
   Drain:     It drains your maximum health when unequipped.
   Harm:      It increases damage dealt and taken.
 K - a +6 plate armour of willpower (worn)
Jewellery
 b - a ring of protection from cold
 f - the ring of Xanull (left hand) {Will+ AC+4 Dex+2}
   (You acquired it on level 2 of the Dungeon)

   [ring of protection]

   AC:        It affects your AC (+4).
   Dex:       It affects your dexterity (+2).
   Will:      It increases your willpower.
 j - a ring of resist corrosion
 t - an amulet of reflection (around neck)
 u - the ring "Omuac" {rF+ Will+}
   (You took it off a yaktaur captain on level 3 of the Vaults)

   [ring of protection from fire]

   rF:        It protects you from fire.
   Will:      It increases your willpower.
 F - a +4 ring of evasion (right hand)
 G - a ring of ice
 Y - the ring of Wangam {rF+ Dex+5}
   (You found it on level 2 of the Vaults)

   [ring of protection from fire]

   Dex:       It affects your dexterity (+5).
   rF:        It protects you from fire.
Scrolls
 a - 2 scrolls of teleportation
 g - 8 scrolls of identify
 D - 6 scrolls of brand weapon
Potions
 c - 3 potions of haste
 d - 16 potions of might
 l - 35 potions of curing
 m - a potion of mutation
 p - 7 potions of attraction
 s - 11 potions of lignification
 C - 4 potions of resistance
 M - 3 potions of cancellation

Dungeon Overview and Level Annotations

Branches:
Dungeon (15/15)            Temple (1/1) D:4            Lair (5/5) D:10
  Swamp (4/4) Lair:3       Spider (4/4) Lair:2        Slime (0/5) Lair:4
    Orc (2/2) D:9             Elf (0/3) Orc:2        Vaults (5/5) D:13
  Crypt (3/3) Vaults:2       Tomb (3/3) Crypt:3      Depths (4/4) D:15
    Zot (4/5) Depths:4

Altars:
Ashenzari
Cheibriados
Dithmenos
Elyvilon
Fedhas
Gozag
Hepliaklqana
Kikubaaqudgha
Makhleb
Nemelex Xobeh
Okawaru
Qazlal
Ru
Sif Muna
Trog
Uskayaw
Vehumet
Wu Jian
Xom
Yredelemnul
Zin
The Shining One
Jiyva

Shops:
D:3 ?   D:5 *   D:7 =   D:11 [?[[(   Orc:2 :!!*   Vaults:2 **   Vaults:3 =
Vaults:4 ::(   Vaults:5 (!!   Depths:1 *

Portals:
Hell: Depths:1 Depths:2 Depths:3 Depths:4
Abyss: Depths:1 Depths:2 Depths:3
Pandemonium: Depths:1 Depths:2 Depths:4
Ziggurat: Depths:4
Trove: Depths:4 (give 5 scrolls of blinking)

Annotations:
Lair:5 3 runed translucent doors, qw's ghost, journeyman GrFi
Swamp:3 3 runed translucent doors, Iffuusoj's ghost, adept MiBe; Silenth's ghost, adept KoHu; swinepaste's ghost, journeyman DsMo
Vaults:1 1 runed translucent door, qw's ghost, adept GrFi
Crypt:1 2 transporters
Zot:2 1 runed translucent door, Juzit's ghost, legendary GnFi


Message History

The death scarab waves its antennae.
The emperor scorpion stings you.
You block the emperor scorpion's attack.
The emperor scorpion claws you but does no damage.
You slash the emperor scorpion!
The emperor scorpion is almost dead.
You slice the emperor scorpion!!
You kill the emperor scorpion!
The emperor scorpion's corpse disappears in a puff of smoke!
You slice the emperor scorpion!!
You hit the emperor scorpion but do no damage. x2
You block the emperor scorpion's attack. x2
The emperor scorpion claws you but does no damage.
You block the emperor scorpion's attack.
The emperor scorpion closely misses you.
You block the emperor scorpion's attack.
The emperor scorpion misses you. The emperor scorpion barely misses you.
The emperor scorpion closely misses you.
The royal mummy gestures wildly while chanting.
The skeletal warrior hits you but does no damage.
The royal mummy casts a spell.
The emperor scorpion closely misses you.
You block the emperor scorpion's attack.
The emperor scorpion barely misses you. The emperor scorpion misses you.
The emperor scorpion closely misses you.
You block the emperor scorpion's attack.
The emperor scorpion closely misses you.
The emperor scorpion claws you but does no damage. x2
The emperor scorpion stings you. The emperor scorpion misses you.
The emperor scorpion claws you but does no damage.
You slash the emperor scorpion!
The emperor scorpion is almost dead.
You barely miss the emperor scorpion. You slice the emperor scorpion!!
You slash the emperor scorpion! x2
You kill the emperor scorpion!
The emperor scorpion's corpse disappears in a puff of smoke!
You block the death scarab's attack. x2
The mummy priest mumbles some strange prayers to its god against you.
Something smites you!
You die... .!A¤.B.B......# ..................... ...........M%%...... .....s......¤###..... ..M9BBsM..%%M#.#..... .MsBBM99....##'..... sMszBs....(M....... ..(.s #sssMM###.M.z..... ..B.. #@ssBB#

#...s..... .^..
.#'#sBs99#'#.........
...
...ssMM....^.........
.###
..Mss###.....###.....
.'.# .....'
.....#.'..... .###M.
.....# .....###.....
...... .......
....^^....... ......
.......^
............# ......
.....:....###


You could see 4 royal mummies, 15 emperor scorpions, a mummy priest, a skeletal
warrior, 4 guardian mummies, 5 ushabtiu, 8 death scarabs and 2 mummies.

Vanquished Creatures
  An ancient lich (Vaults:5)
  2 orbs of fire (Zot:4)
  Mennas (Tomb:2)
  28 royal mummies
  Vv (Zot:1)
  Bai Suzhen (Spider:4)
  Margery (Depths:4)
  2 curse toes
  7 golden dragons
  A profane servitor (Crypt:3)
  A bone dragon (Crypt:3)
  Arachne (Spider:3)
  Jorgrun (D:12)
  8 tentacled monstrosities
  8 liches
  7 deep elf blademasters
  3 quicksilver dragons
  3 deep elf master archers
  10 titans
  4 ancient champions
  11 sphinxes
  4 death cobs
  Gastronok (D:12)
  7 tengu reavers
  7 storm dragons
  6 shadow dragons
  16 fire giants
  3 fenstrider witches
  An azure jelly (Swamp:1)
  A revenant (Crypt:1)
  4 draconian monks
  7 emperor scorpions
  4 draconian knights
  15 vault wardens
  A deep elf sorcerer (Vaults:5)
  16 frost giants
  Aizul (Swamp:1)
  3 curse skulls
  3 ghost moths
  Louise (Depths:1)
  13 ghouls
  2 draconian stormcallers
  4 draconian annihilators (Zot:3)
  2 draconian shifters
  3 orc warlords
  7 ironbound thunderhulks
  3 broodmothers
  21 ironbound preservers
  4 caustic shrike zombies
  A caustic shrike skeleton (Tomb:1)
  24 stone giants
  A quicksilver ooze (shapeshifter) (Depths:4)
  7 vampire knights
  6 bennus (Tomb:2)
  19 very ugly things
  Azrael (D:15)
  A lorocyproca (Tomb:1)
  3 deep elf demonologists (Vaults:5)
  7 red draconians
  A rockslime zombie (Crypt:1)
  10 black draconians
  2 eleionomae
  6 green draconians
  10 white draconians
  4 bunyips
  4 yellow draconians
  6 spark wasps
  17 dire elephants
  6 deep elf annihilators
  3 purple draconians
  An acid blob zombie (Crypt:2)
  4 deep elf death magi
  8 eidola
  14 mummy priests
  5 fire dragons
  Josephine (D:10)
  3 jiangshi
  A shambling mangrove (Swamp:3)
  20 yaktaur captains
  13 ettins
  4 great orbs of eyes
  A fenstrider witch zombie (Crypt:1)
  A deep elf high priest (Vaults:5)
  3 entropy weavers
  Erolcha (D:12)
  33 vault guards
  7 ice dragons
  8 hydras
  A rakshasa (Depths:3)
  A spriggan air mage (Depths:3)
  2 ogre magi
  A peacekeeper (Vaults:2)
  15 centaur warriors
  8 alligators
  A catoblepas (D:14)
  4 radroaches
  5 ironbound frosthearts
  70 death scarabs
  14 boulder beetles
  5 death knights
  11 two-headed ogres
  A hell hog (Depths:3)
  3 vampire magi
  6 deep troll earth magi
  4 deep troll shamans
  Urug (Orc:1)
  A titan zombie (Crypt:3)
  6 tengu warriors
  6 orc high priests
  5 spriggan berserkers
  A quicksilver ooze zombie (Crypt:1)
  23 hell knights
  8 sun demons (Depths:3)
  A soul eater (Crypt:2)
  4 deep elf knights
  A shadow wraith (Crypt:2)
  6 iron trolls
  22 skeletal warriors
  A bunyip zombie (Crypt:3)
  9 pharaoh ants
  7 steelbarb worms
  Amaemon (Lair:3)
  2 anaconda zombies
  59 deep trolls
  3 goliath frogs
  A sun moth (Spider:1)
  4 glowing orange brains
  2 flayed ghosts
  7 bog bodies
  A spriggan druid (Swamp:2)
  18 orb spiders
  2 deep elf archers (Crypt:3)
  8 wizards
  7 swamp dragons
  A shadow dragon zombie (Crypt:3)
  19 ironbound convokers
  11 lindwurms
  A glowing shapeshifter (D:15)
  10 necromancers
  12 orc knights
  Pikel (D:5)
  20 wolf spiders
  4 harpies
  5 deep elf pyromancers
  6 deep elf zephyrmancers
  20 phantasmal warriors
  2 shining eyes (Depths:3)
  18 ugly things
  9 orc sorcerers
  7 cyclopes
  5 large abominations (D:13)
  2 stone giant zombies
  A salamander (Depths:3)
  5 manticores
  5 centaur zombies
  6 will-o-the-wisps
  25 moths of wrath
  An eleionoma skeleton (Crypt:2)
  2 eyes of devastation (Depths:3)
  A dire elephant zombie (Tomb:1)
  19 vault sentinels
  3 elephants (Lair:1)
  3 black mambas
  A stone giant skeleton (Depths:1)
  A fire giant skeleton (Crypt:2)
  5 torpor snails
  3 rust devils
  3 rime drakes
  21 cane toads
  2 dire elephant skeletons
  2 hellions
  2 orange demons
  A gargoyle (D:13)
  14 demonic crawlers
  Psyche (D:12)
  2 spriggan zombies
  17 freezing wraiths
  A komodo dragon (shapeshifter) (D:14)
  3 kobold demonologists
  An efreet (D:13)
  A yaktaur (shapeshifter) (Vaults:3)
  42 yaktaurs
  9 komodo dragons
  An unseen horror skeleton (Crypt:1)
  A green draconian skeleton (Crypt:1)
  45 guardian mummies
  A minotaur skeleton (Crypt:2)
  A red devil (Depths:1)
  2 tengu conjurers
  4 harpy zombies
  A bloated husk (Swamp:3)
  3 meliai (D:13)
  A queen bee (shapeshifter) (D:14)
  A hornet (shapeshifter) (D:15)
  A meliai (shapeshifter) (D:15)
  8 trolls
  Prince Ribbit (D:7)
  29 tarantellas
  12 tyrant leeches
  A tarantella (shapeshifter) (Depths:4)
  A tengu simulacrum (Vaults:2)
  A human simulacrum (Vaults:2)
  2 harpy skeletons
  12 hornets
  A hydra skeleton (Crypt:1)
  A tarantella zombie (Crypt:2)
  A dream sheep (shapeshifter) (Vaults:5)
  25 blink frogs
  A boulder beetle zombie (Crypt:2)
  31 slime creatures
  4 ettin zombies
  27 flying skulls
  20 culicivoras
  35 jumping spiders
  A shadow (Crypt:3)
  An ettin skeleton (Tomb:1)
  11 spriggans
  A centaur simulacrum (Crypt:1)
  2 wyverns
  14 wraiths
  A water elemental (Depths:3)
  33 yaks
  15 ushabtiu
  3 fire elementals
  Eustachio (D:4)
  4 basilisks
  60 redbacks
  22 vampire mosquitoes
  4 swamp worm simulacra (Swamp:4)
  18 swamp worms
  5 hell hounds
  2 acid dragons
  14 hydra simulacra (Swamp:4)
  10 water moccasins
  3 swamp drakes (Swamp:1)
  An entropy weaver zombie (Vaults:2)
  7 ice beasts
  A black bear (Lair:1)
  40 orc warriors
  A sky beast (D:8)
  18 ogres
  4 boggarts (Vaults:1)
  A manticore skeleton (Crypt:1)
  10 wolves
  A centaur (D:10)
  A dream sheep skeleton (Crypt:1)
  A phantom (D:6)
  2 lemures (D:5)
  6 kobold brigands
  16 bullfrogs
  19 necrophages
  2 gnoll sergeants
  A draconian skeleton (Crypt:2)
  3 scorpions
  5 wyvern skeletons (Crypt:3)
  7 small abominations (D:13)
  8 killer bees
  2 electric eels
  A spriggan skeleton (Crypt:2)
  A howler monkey (D:6)
  5 jellies
  A gnoll bouda (D:8)
  31 orc priests
  4 hounds
  15 orc wizards
  A basilisk skeleton (Crypt:1)
  4 iguanas
  2 naga zombies
  32 mummies
  15 gnolls
  12 adders
  A white imp (D:8)
  An ufetubus (D:4)
  4 swamp drake simulacra (Swamp:4)
  A worm (D:2)
  2 dart slugs
  93 orcs
  8 ball pythons
  7 endoplasms
  2 giant cockroaches
  4 goblins
  4 hobgoblins
  10 jackals
  37 kobolds
  8 quokkas
  7 bats
  A frilled lizard (D:1)
  A goblin zombie (Crypt:2)
  5 rats
2231 creatures vanquished.

Vanquished Creatures (collateral kills)
  2 royal mummies
  A Tzitzimitl (Tomb:2)
  2 liches
  A deep elf blademaster (Tomb:1)
  2 titans
  2 fire giants (Tomb:2)
  A frost giant (Tomb:2)
  2 stone giants (Crypt:3)
  A white draconian (Tomb:2)
  4 mummy priests
  A death knight (Crypt:3)
  2 death scarabs
  A deep elf knight (Crypt:3)
  3 skeletal warriors
  An iron giant zombie (Tomb:3)
  4 deep elf archers (Crypt:3)
  2 phantasmal warriors (Crypt:3)
  A deep elf pyromancer (Crypt:3)
  A dire elephant zombie (Tomb:1)
  5 guardian mummies
  A flying skull (Tomb:2)
  2 ushabtiu (Tomb:3)
  A phantom (Crypt:3)
  7 mummies
50 creatures vanquished.

Vanquished Creatures (others)
  A tentacled monstrosity (Vaults:5)
  A sun demon (Depths:3)
  Lodul (D:12)
  A wizard (Vaults:4)
  3 bloated husks
  A culicivora (Spider:4)
  A boggart (Vaults:1)
  A kobold brigand (D:6)
  A mummy (Tomb:1)
  33 foxfires
  21 fungi
  124 plants
  23 withered plants (Crypt:3)
212 creatures vanquished.

Grand Total: 2493 creatures vanquished

Notes
Turn   | Place    | Note
-------+----------+-------------------------------------------
     0 | D:1      | qw the Gargoyle Fighter began the quest for the Orb.
     0 | D:1      | Reached XP level 1. HP: 14/14 MP: 1/1
     0 | D:1      | 0 ||| qw: Version: 0.2-a-13-gfc7b4b4
     0 | D:1      | 0 ||| qw: Game counter: 1827
     0 | D:1      | 0 ||| qw: Always use a shield: true
     0 | D:1      | 0 ||| qw: God list: Okawaru
     0 | D:1      | 0 ||| qw: Allow faded altars: false
     0 | D:1      | 0 ||| qw: Do Orc after D:15 true
     0 | D:1      | 0 ||| qw: Do second Lair branch before Depths: true
     0 | D:1      | 0 ||| qw: Lair rune preference: random
     0 | D:1      | 0 ||| qw: Plans: Normal, Zot:1-4, God:TSO, Crypt, Tomb,
                  | Pan, Slime:5, Hells, Abyss, Orb
     0 | D:1      | 0 ||| PLANNING D:1-11
    54 | D:1      | 54 ||| Stepping ~*~*~tactically~*~*~ (stealth).
   130 | D:1      | 130 ||| Stepping ~*~*~tactically~*~*~ (stealth).
   134 | D:1      | Reached XP level 2. HP: 19/19 MP: 2/2
   504 | D:1      | 504 ||| Stepping ~*~*~tactically~*~*~ (stealth).
   519 | D:1      | Reached skill level 3 in Axes
   536 | D:1      | Reached XP level 3. HP: 20/23 MP: 3/3
   585 | D:1      | 585 ||| DROPPING +0 club.
   606 | D:1      | 606 ||| SWAPPING to +2 vampiric hand axe.
   739 | D:1      | 739 ||| UPGRADING to scarf of repulsion.
   744 | D:1      | 744 ||| UPGRADING to ring of see invisible.
   745 | D:1      | 745 ||| READING scroll labelled WAPTIAQ YCLI.
   749 | D:1      | 749 ||| READING scroll labelled TARIFR FIATS.
   781 | D:2      | 781 ||| SWAPPING to +0 broad axe.
   782 | D:2      | 782 ||| DROPPING +0 war axe.
   783 | D:2      | 783 ||| DROPPING +2 vampiric hand axe.
   929 | D:2      | 929 ||| FLEEEEING.
   977 | D:2      | 977 ||| Stepping ~*~*~tactically~*~*~ (stealth).
  1110 | D:2      | Reached XP level 4. HP: 27/28 MP: 4/4
  1218 | D:2      | 1218 ||| Stepping ~*~*~tactically~*~*~ (stealth).
  1219 | D:2      | 1219 ||| Stepping ~*~*~tactically~*~*~ (stealth).
  1223 | D:2      | 1223 ||| Stepping ~*~*~tactically~*~*~ (stealth).
  1225 | D:2      | 1225 ||| Stepping ~*~*~tactically~*~*~ (stealth).
  1228 | D:2      | 1228 ||| Stepping ~*~*~tactically~*~*~ (stealth).
  1546 | D:2      | 1546 ||| UPGRADING to +6 ring of dexterity.
  1547 | D:2      | 1547 ||| READING scroll labelled GUVEIH CORORR.
  1547 | D:2      | Identified a scroll of acquirement
  1547 | D:2      | 1547 ||| ACQUIRING ring of Xanull {Will+ AC+4 Dex+2}
  1547 | D:2      | Acquired the ring of Xanull {Will+ AC+4 Dex+2}
  1549 | D:2      | 1549 ||| UPGRADING to ring of Xanull {Will+ AC+4 Dex+2}.
  1551 | D:2      | 1551 ||| UPGRADING to ring of see invisible.
  1553 | D:2      | 1553 ||| READING scroll labelled TALUWAU SAIXEE.
  1576 | D:3      | Found Boluzaim's Magic Scroll Emporium.
  1586 | D:3      | 1586 ||| SHOPLISTING scroll of enchant armour (105 gold,
                  | have 50).
  1586 | D:3      | 1586 ||| BUYING scroll of identify (28 gold).
  1586 | D:3      | Bought a scroll of identify for 28 gold pieces
  1586 | D:3      | 1586 ||| SHOPLISTING scroll of teleportation (42 gold, have
                  | 22).
  1590 | D:3      | 1590 ||| Stepping ~*~*~tactically~*~*~ (hiding).
  1610 | D:3      | Found an ancient bone altar of Kikubaaqudgha.
  1687 | D:3      | 1687 ||| Stepping ~*~*~tactically~*~*~ (hiding).
  1695 | D:3      | Reached skill level 1 in Throwing
  1699 | D:3      | Reached skill level 1 in Dodging
  1699 | D:3      | Reached XP level 5. HP: 28/32 MP: 5/5
  1715 | D:3      | 1715 ||| DROPPING +0 whip.
  1717 | D:3      | Found a faded altar of an unknown god.
  1719 | D:3      | 1719 ||| Stepping ~*~*~tactically~*~*~ (stealth).
  2056 | D:3      | Found a sacrificial altar of Ru.
  2061 | D:3      | 2061 ||| UPGRADING to +0 helmet.
  2066 | D:3      | 2066 ||| READING scroll labelled YBBEIGRUSA.
  2067 | D:3      | 2067 ||| READING scroll labelled FAM HUPREFAPEA.
  2068 | D:3      | 2068 ||| DRINKING 2 amethyst potions.
  2069 | D:3      | 2069 ||| DRINKING 2 sedimented brown potions.
  2070 | D:3      | 2070 ||| DRINKING 2 inky potions.
  2071 | D:3      | 2071 ||| READING 2 scrolls of identify.
  2071 | D:3      | 2071 ||| IDENTIFYING bubbling blue potion
  2072 | D:3      | 2072 ||| DROPPING potion of flight.
  2073 | D:3      | 2073 ||| DROPPING potion of degeneration.
  2112 | D:4      | Noticed Eustachio
  2137 | D:4      | Killed Eustachio
  2138 | D:4      | Reached XP level 6. HP: 37/37 MP: 6/6
  2206 | D:4      | Found a staircase to the Ecumenical Temple.
  2207 | D:4      | 2207 ||| PLANNING TEMPLE
  2207 | D:4      | 2207 ||| FLEEEEING.
  2208 | D:4      | 2208 ||| FLEEEEING.
  2209 | D:4      | 2209 ||| FLEEEEING.
  2210 | D:4      | 2210 ||| FLEEEEING.
  2211 | D:4      | 2211 ||| FLEEEEING.
  2212 | D:4      | 2212 ||| FLEEEEING.
  2213 | D:4      | 2213 ||| FLEEEEING.
  2214 | D:4      | 2214 ||| FLEEEEING.
  2215 | D:4      | 2215 ||| FLEEEEING.
  2216 | D:4      | 2216 ||| FLEEEEING.
  2217 | D:4      | 2217 ||| STAIRDANCE
  2258 | D:4      | 2258 ||| STAIRDANCE
  2262 | D:4      | 2262 ||| STAIRDANCE
  2266 | D:4      | 2266 ||| STAIRDANCE
  2271 | D:4      | 2271 ||| STAIRDANCE
  2293 | Temple   | Entered the Ecumenical Temple
  2294 | Temple   | 2294 ||| PLANNING OKAWARU WORSHIP
  2308 | Temple   | Became a worshipper of Warmaster Okawaru
  2309 | Temple   | 2309 ||| PLANNING D:1-11
  2326 | D:4      | Noticed an ice beast
  2334 | D:4      | Killed an ice beast
  2433 | D:4      | Found a hide-covered altar of Uskayaw.
  2436 | D:4      | Noticed a +0 dagger
  2436 | D:4      | Noticed a +0 hand axe
  2472 | D:4      | 2472 ||| Stepping ~*~*~tactically~*~*~ (stealth).
  2489 | D:4      | Reached XP level 7. HP: 32/44 MP: 7/7
  2641 | D:4      | Reached skill level 6 in Axes
  2812 | D:4      | 2812 ||| Stepping ~*~*~tactically~*~*~ (stealth).
  2814 | D:4      | 2814 ||| Stepping ~*~*~tactically~*~*~ (stealth).
  2894 | D:4      | Reached * piety under Okawaru
  2931 | D:4      | Found an ornate altar of the Wu Jian Council.
  2931 | D:4      | Found a burning altar of Makhleb.
  3248 | D:4      | 3248 ||| UPGRADING to amulet of reflection.
  3253 | D:4      | 3253 ||| READING scroll labelled CUCHUE ITTU.
  3254 | D:4      | 3254 ||| READING scroll labelled HAMERHIEROSK.
  3255 | D:4      | 3255 ||| READING scroll labelled JASEOMM GYECEOMN.
  3256 | D:4      | 3256 ||| READING scroll labelled WOTUON PEYLYSS.
  3257 | D:4      | 3257 ||| READING scroll labelled OFRIER KYELUW.
  3280 | D:5      | Entered Level 5 of the Dungeon
  3403 | D:5      | 3403 ||| Stepping ~*~*~tactically~*~*~ (stealth).
  3500 | D:5      | Found Toinn's CLEARANCE SALE!.
  3518 | D:5      | Reached skill level 1 in Invocations
  3548 | D:5      | 3548 ||| BUYING +0 chain mail (27 gold).
  3548 | D:5      | Bought a +0 chain mail for 27 gold pieces
  3724 | D:5      | Noticed Pikel
  3725 | D:5      | 3725 ||| Stepping ~*~*~tactically~*~*~ (hiding).
  3726 | D:5      | 3726 ||| Stepping ~*~*~tactically~*~*~ (hiding).
  3727 | D:5      | 3727 ||| Stepping ~*~*~tactically~*~*~ (hiding).
  3728 | D:5      | 3728 ||| INVOKING Heroism.
  3743 | D:5      | 3743 ||| INVOKING Heroism.
  3745 | D:5      | Killed Pikel
  3746 | D:5      | Reached skill level 6 in Fighting
  3746 | D:5      | Reached skill level 4 in Invocations
  3746 | D:5      | Reached XP level 8. HP: 46/51 MP: 6/11
  3864 | D:5      | Reached ** piety under Okawaru
  4063 | D:5      | Found a glowing silver altar of Zin.
  4345 | D:5      | 4345 ||| UPGRADING to +0 chain mail.
  4355 | D:5      | 4355 ||| DROPPING +0 scale mail.
  4356 | D:5      | 4356 ||| DRINKING 2 murky inky potions.
  4461 | D:6      | 4461 ||| Stepping ~*~*~tactically~*~*~ (stealth).
  4472 | D:6      | 4472 ||| Stepping ~*~*~tactically~*~*~ (stealth).
  4477 | D:6      | 4477 ||| Stepping ~*~*~tactically~*~*~ (hiding).
  4482 | D:6      | 4482 ||| INVOKING Heroism.
  4489 | D:6      | 4489 ||| Stepping ~*~*~tactically~*~*~ (stealth).
  4499 | D:6      | 4499 ||| Stepping ~*~*~tactically~*~*~ (stealth).
  4500 | D:6      | 4500 ||| Stepping ~*~*~tactically~*~*~ (stealth).
  4517 | D:6      | 4517 ||| Stepping ~*~*~tactically~*~*~ (hiding).
  4573 | D:6      | Reached XP level 9. HP: 55/55 MP: 12/12
  4844 | D:6      | 4844 ||| INVOKING Heroism.
  5168 | D:6      | 5168 ||| INVOKING Heroism.
  5173 | D:6      | 5173 ||| Stepping ~*~*~tactically~*~*~ (hiding).
  5184 | D:6      | Reached skill level 9 in Axes
  5305 | D:6      | 5305 ||| UPGRADING to +2 helmet.
  5315 | D:6      | 5315 ||| DROPPING +0 helmet.
  5316 | D:6      | 5316 ||| UPGRADING to +2 buckler.
  5326 | D:6      | 5326 ||| DROPPING +0 buckler.
  5327 | D:6      | 5327 ||| READING scroll labelled FUTZUPLEZA.
  5328 | D:6      | 5328 ||| READING scroll labelled SALOUDW ZORU.
  5329 | D:6      | 5329 ||| READING scroll labelled KEOCED XESOA.
  5486 | D:7      | 5486 ||| INVOKING Heroism.
  5607 | D:7      | 5607 ||| Stepping ~*~*~tactically~*~*~ (stealth).
  5624 | D:7      | Noticed a troll
  5625 | D:7      | 5625 ||| INVOKING Heroism.
  5633 | D:7      | Killed a troll
  5702 | D:7      | Noticed a manticore
  5703 | D:7      | 5703 ||| INVOKING Heroism.
  5712 | D:7      | Killed a manticore
  5712 | D:7      | Reached *** piety under Okawaru
  5782 | D:7      | Found Pojeipp's Jewellery Boutique.
  5792 | D:7      | 5792 ||| SHOPLISTING +4 ring of evasion (576 gold, have
                  | 215).
  5792 | D:7      | 5792 ||| SHOPLISTING +4 ring of protection (576 gold, have
                  | 215).
  5792 | D:7      | 5792 ||| SHOPLISTING ring of fire (400 gold, have 215).
  5988 | D:7      | Reached XP level 10. HP: 63/63 MP: 13/13
  6236 | D:7      | Noticed Prince Ribbit
  6256 | D:7      | Killed Prince Ribbit
  6272 | D:7      | 6272 ||| READING scroll labelled QUHIVV IQAECS.
  6417 | D:8      | Noticed a two-headed ogre
  6418 | D:8      | 6418 ||| INVOKING Heroism.
  6431 | D:8      | 6431 ||| INVOKING Heroism.
  6432 | D:8      | Killed a two-headed ogre
  6432 | D:8      | Reached **** piety under Okawaru
  6509 | D:8      | 6509 ||| Stepping ~*~*~tactically~*~*~ (hiding).
  6514 | D:8      | 6514 ||| Stepping ~*~*~tactically~*~*~ (stealth).
  6515 | D:8      | 6515 ||| Stepping ~*~*~tactically~*~*~ (hiding).
  6518 | D:8      | 6518 ||| INVOKING Heroism.
  6520 | D:8      | 6520 ||| Stepping ~*~*~tactically~*~*~ (hiding).
  6522 | D:8      | 6522 ||| Stepping ~*~*~tactically~*~*~ (stealth).
  6523 | D:8      | 6523 ||| Stepping ~*~*~tactically~*~*~ (hiding).
  6524 | D:8      | 6524 ||| Stepping ~*~*~tactically~*~*~ (hiding).
  6535 | D:8      | 6535 ||| Stepping ~*~*~tactically~*~*~ (hiding).
  6536 | D:8      | 6536 ||| Stepping ~*~*~tactically~*~*~ (hiding).
  6569 | D:8      | 6569 ||| Stepping ~*~*~tactically~*~*~ (stealth).
  6570 | D:8      | 6570 ||| Stepping ~*~*~tactically~*~*~ (stealth).
  6672 | D:8      | 6672 ||| INVOKING Heroism.
  6774 | D:8      | 6774 ||| Stepping ~*~*~tactically~*~*~ (stealth).
  6776 | D:8      | 6776 ||| Stepping ~*~*~tactically~*~*~ (hiding).
  6777 | D:8      | 6777 ||| Stepping ~*~*~tactically~*~*~ (hiding).
  6799 | D:8      | Reached skill level 5 in Invocations
  6980 | D:8      | 6980 ||| Stepping ~*~*~tactically~*~*~ (stealth).
  6981 | D:8      | 6981 ||| Stepping ~*~*~tactically~*~*~ (stealth).
  6982 | D:8      | 6982 ||| Stepping ~*~*~tactically~*~*~ (stealth).
  6986 | D:8      | 6986 ||| Stepping ~*~*~tactically~*~*~ (stealth).
  7008 | D:8      | 7008 ||| INVOKING Heroism.
  7509 | D:8      | 7509 ||| READING scroll labelled WEES UQICHOCK.
  7510 | D:8      | 7510 ||| DRINKING 2 coppery potions.
  7511 | D:8      | 7511 ||| DROPPING potion of brilliance.
  7580 | D:9      | 7580 ||| INVOKING Heroism.
  7581 | D:9      | 7581 ||| Stepping ~*~*~tactically~*~*~ (stealth).
  7598 | D:9      | 7598 ||| Stepping ~*~*~tactically~*~*~ (stealth).
  7608 | D:9      | 7608 ||| Stepping ~*~*~tactically~*~*~ (stealth).
  7610 | D:9      | 7610 ||| Stepping ~*~*~tactically~*~*~ (stealth).
  7616 | D:9      | 7616 ||| Stepping ~*~*~tactically~*~*~ (stealth).
  7625 | D:9      | 7625 ||| Stepping ~*~*~tactically~*~*~ (hiding).
  7626 | D:9      | 7626 ||| Stepping ~*~*~tactically~*~*~ (hiding).
  7633 | D:9      | 7633 ||| INVOKING Heroism.
  7635 | D:9      | Received a gift from Okawaru
  7639 | D:9      | 7639 ||| Stepping ~*~*~tactically~*~*~ (hiding).
  7684 | D:9      | Found a staircase to the Orcish Mines.
  7697 | D:9      | 7697 ||| Stepping ~*~*~tactically~*~*~ (stealth).
  7699 | D:9      | 7699 ||| Stepping ~*~*~tactically~*~*~ (stealth).
  7705 | D:9      | 7705 ||| INVOKING Heroism.
  7879 | D:9      | 7879 ||| Stepping ~*~*~tactically~*~*~ (hiding).
  7919 | D:9      | 7919 ||| INVOKING Heroism.
  7936 | D:9      | 7936 ||| DROPPING +0 flail.
  8031 | D:9      | 8031 ||| INVOKING Heroism.
  8060 | D:9      | Noticed a two-headed ogre
  8061 | D:9      | 8061 ||| INVOKING Heroism.
  8069 | D:9      | Killed a two-headed ogre
  8237 | D:9      | Reached skill level 6 in Invocations
  8357 | D:9      | Noticed a two-headed ogre
  8357 | D:9      | 8357 ||| Stepping ~*~*~tactically~*~*~ (stealth).
  8359 | D:9      | 8359 ||| Stepping ~*~*~tactically~*~*~ (stealth).
  8360 | D:9      | 8360 ||| INVOKING Heroism.
  8363 | D:9      | 8363 ||| Stepping ~*~*~tactically~*~*~ (stealth).
  8365 | D:9      | 8365 ||| Stepping ~*~*~tactically~*~*~ (stealth).
  8368 | D:9      | Reached XP level 11. HP: 68/69 MP: 13/15
  8374 | D:9      | Killed a two-headed ogre
  8375 | D:9      | Reached skill level 9 in Fighting
  8391 | D:9      | 8391 ||| Stepping ~*~*~tactically~*~*~ (hiding).
  8399 | D:9      | Reached skill level 7 in Invocations
  8400 | D:9      | 8400 ||| INVOKING Heroism.
  8573 | D:9      | 8573 ||| UPGRADING to +1 plate armour of cold resistance.
  8583 | D:9      | 8583 ||| DROPPING +0 chain mail.
  8584 | D:9      | 8584 ||| UPGRADING to +0 pair of boots.
  8589 | D:9      | 8589 ||| DRINKING 2 murky emerald potions.
  8615 | D:10     | Entered Level 10 of the Dungeon
  8621 | D:10     | Found a staircase to the Lair.
  8623 | D:10     | 8623 ||| Stepping ~*~*~tactically~*~*~ (hiding).
  8624 | D:10     | 8624 ||| Stepping ~*~*~tactically~*~*~ (hiding).
  8657 | D:10     | Noticed a two-headed ogre
  8658 | D:10     | 8658 ||| Stepping ~*~*~tactically~*~*~ (stealth).
  8725 | D:10     | 8725 ||| INVOKING Heroism.
  8729 | D:10     | 8729 ||| Stepping ~*~*~tactically~*~*~ (stealth).
  8737 | D:10     | Killed a two-headed ogre
  8738 | D:10     | Reached skill level 6 in Armour
  8806 | D:10     | Reached skill level 8 in Invocations
  8899 | D:10     | 8899 ||| INVOKING Heroism.
  8913 | D:10     | Received a gift from Okawaru
  8913 | D:10     | Reached ***** piety under Okawaru
  8943 | D:10     | Noticed Josephine
  8944 | D:10     | 8944 ||| Stepping ~*~*~tactically~*~*~ (hiding).
  8946 | D:10     | 8946 ||| Stepping ~*~*~tactically~*~*~ (hiding).
  8947 | D:10     | 8947 ||| Stepping ~*~*~tactically~*~*~ (hiding).
  8950 | D:10     | 8950 ||| INVOKING Heroism.
  8962 | D:10     | Killed Josephine
  8973 | D:10     | Reached skill level 9 in Invocations
  9200 | D:10     | Found a stormy altar of Qazlal.
  9494 | D:10     | 9494 ||| PLANNING LAIR
  9494 | D:10     | 9494 ||| DRINKING 2 dark potions.
  9495 | D:10     | 9495 ||| DRINKING 2 metallic cyan potions.
  9596 | D:10     | 9596 ||| DROPPING potion of ambrosia.
  9618 | Lair:1   | Entered Level 1 of the Lair of Beasts
  9708 | Lair:1   | 9708 ||| INVOKING Heroism.
  9726 | Lair:1   | 9726 ||| Stepping ~*~*~tactically~*~*~ (stealth).
  9728 | Lair:1   | 9728 ||| Stepping ~*~*~tactically~*~*~ (stealth).
  9731 | Lair:1   | 9731 ||| Stepping ~*~*~tactically~*~*~ (stealth).
  9739 | Lair:1   | Received a gift from Okawaru
  9807 | Lair:1   | 9807 ||| Stepping ~*~*~tactically~*~*~ (stealth).
  9810 | Lair:1   | 9810 ||| Stepping ~*~*~tactically~*~*~ (stealth).
  9816 | Lair:1   | Reached XP level 12. HP: 76/76 MP: 19/19
  9819 | Lair:1   | 9819 ||| INVOKING Heroism.
  9826 | Lair:1   | Reached skill level 10 in Invocations
  9958 | Lair:1   | Found a shimmering altar of Xom.
 10046 | Lair:1   | 10046 ||| Stepping ~*~*~tactically~*~*~ (stealth).
 10055 | Lair:1   | 10055 ||| INVOKING Heroism.
 10184 | Lair:1   | 10184 ||| INVOKING Heroism.
 10190 | Lair:1   | 10190 ||| Stepping ~*~*~tactically~*~*~ (stealth).
 10197 | Lair:1   | Reached skill level 12 in Axes
 10198 | Lair:1   | 10198 ||| INVOKING Heroism.
 10474 | Lair:1   | Reached skill level 3 in Throwing
 10506 | Lair:1   | 10506 ||| UPGRADING to +0 pair of gloves of infusion.
 10511 | Lair:1   | 10511 ||| DROPPING ring of positive energy.
 10512 | Lair:1   | 10512 ||| DRINKING 2 fizzy blue potions.
 10513 | Lair:1   | 10513 ||| READING 2 scrolls of identify.
 10513 | Lair:1   | 10513 ||| IDENTIFYING yellow potion
 10514 | Lair:1   | 10514 ||| DROPPING potion of berserk rage.
 10624 | Lair:2   | 10624 ||| Stepping ~*~*~tactically~*~*~ (stealth).
 10625 | Lair:2   | 10625 ||| Stepping ~*~*~tactically~*~*~ (stealth).
 10636 | Lair:2   | 10636 ||| Stepping ~*~*~tactically~*~*~ (stealth).
 10721 | Lair:2   | Reached skill level 9 in Armour
 10861 | Lair:2   | Reached skill level 6 in Shields
 10877 | Lair:2   | 10877 ||| Stepping ~*~*~tactically~*~*~ (stealth).
 10879 | Lair:2   | 10879 ||| Stepping ~*~*~tactically~*~*~ (hiding).
 10900 | Lair:2   | 10900 ||| INVOKING Heroism.
 11028 | Lair:2   | Found a hole to the Spider Nest.
 11207 | Lair:2   | 11207 ||| INVOKING Heroism.
 11555 | Lair:2   | 11555 ||| DRINKING 2 clear potions.
 11629 | Lair:3   | 11629 ||| Stepping ~*~*~tactically~*~*~ (hiding).
 11652 | Lair:3   | 11652 ||| Stepping ~*~*~tactically~*~*~ (stealth).
 11661 | Lair:3   | 11661 ||| FLEEEEING.
 11713 | Lair:3   | 11713 ||| READING scroll of enchant armour.
 11713 | Lair:3   | 11713 ||| ENCHANTING +0 pair of gloves of infusion.
 11719 | Lair:3   | 11719 ||| READING scroll of enchant armour.
 11719 | Lair:3   | 11719 ||| ENCHANTING +1 pair of gloves of infusion.
 11726 | Lair:3   | 11726 ||| Stepping ~*~*~tactically~*~*~ (stealth).
 11727 | Lair:3   | 11727 ||| Stepping ~*~*~tactically~*~*~ (stealth).
 11728 | Lair:3   | 11728 ||| Stepping ~*~*~tactically~*~*~ (stealth).
 11729 | Lair:3   | 11729 ||| INVOKING Heroism.
 11785 | Lair:3   | Found the +3 crown of Dyrovepreva {rElec Int+2 SInv}
 11805 | Lair:3   | 11805 ||| INVOKING Heroism.
 11872 | Lair:3   | Noticed Amaemon
 11873 | Lair:3   | 11873 ||| INVOKING Heroism.
 11883 | Lair:3   | Killed Amaemon
 12004 | Lair:3   | 12004 ||| DROPPING +0 morningstar.
 12073 | Lair:3   | Received a gift from Okawaru
 12173 | Lair:3   | Reached XP level 13. HP: 82/82 MP: 16/20
 12269 | Lair:3   | 12269 ||| INVOKING Heroism.
 12395 | Lair:3   | Found a staircase to the Swamp.
 12396 | Lair:3   | 12396 ||| Stepping ~*~*~tactically~*~*~ (hiding).
 12401 | Lair:3   | 12401 ||| INVOKING Heroism.
 12511 | Lair:3   | 12511 ||| Stepping ~*~*~tactically~*~*~ (hiding).
 12512 | Lair:3   | 12512 ||| Stepping ~*~*~tactically~*~*~ (hiding).
 12516 | Lair:3   | 12516 ||| INVOKING Heroism.
 12725 | Lair:3   | 12725 ||| READING 2 scrolls of identify.
 12725 | Lair:3   | 12725 ||| IDENTIFYING red potion
 12726 | Lair:3   | 12726 ||| DROPPING potion of invisibility.
 12740 | Lair:4   | 12740 ||| Stepping ~*~*~tactically~*~*~ (stealth).
 12822 | Lair:4   | 12822 ||| Stepping ~*~*~tactically~*~*~ (stealth).
 12825 | Lair:4   | 12825 ||| INVOKING Heroism.
 12996 | Lair:4   | 12996 ||| INVOKING Heroism.
 13132 | Lair:4   | 13132 ||| Stepping ~*~*~tactically~*~*~ (stealth).
 13138 | Lair:4   | 13138 ||| Stepping ~*~*~tactically~*~*~ (stealth).
 13188 | Lair:4   | 13188 ||| INVOKING Heroism.
 13204 | Lair:4   | Received a gift from Okawaru
 13276 | Lair:4   | Found a viscous altar of Jiyva.
 13284 | Lair:4   | Found a staircase to the Slime Pits.
 13328 | Lair:4   | 13328 ||| INVOKING Heroism.
 13329 | Lair:4   | 13329 ||| INVOKING Finesse.
 13425 | Lair:4   | 13425 ||| Stepping ~*~*~tactically~*~*~ (stealth).
 13427 | Lair:4   | 13427 ||| Stepping ~*~*~tactically~*~*~ (stealth).
 13431 | Lair:4   | Received a gift from Okawaru
 13494 | Lair:4   | 13494 ||| INVOKING Heroism.
 13999 | Lair:4   | 13999 ||| DROPPING scarf of repulsion.
 14000 | Lair:4   | 14000 ||| READING 2 scrolls of identify.
 14000 | Lair:4   | 14000 ||| IDENTIFYING bubbling amethyst potion
 14023 | Lair:5   | Entered Level 5 of the Lair of Beasts
 14029 | Lair:5   | 14029 ||| INVOKING Heroism.
 14109 | Lair:5   | 14109 ||| INVOKING Heroism.
 14130 | Lair:5   | 14130 ||| Stepping ~*~*~tactically~*~*~ (stealth).
 14151 | Lair:5   | 14151 ||| INVOKING Heroism.
 14189 | Lair:5   | Reached skill level 3 in Dodging
 14227 | Lair:5   | 14227 ||| INVOKING Heroism.
 14269 | Lair:5   | Identified the +8 broad axe "Siykhih" {vorpal, rC+ Will++}
                  | (Okawaru gifted it to you on level 5 of the Lair of Beasts)
 14269 | Lair:5   | Received a gift from Okawaru
 14346 | Lair:5   | 14346 ||| SWAPPING to +8 broad axe "Siykhih" {vorpal, rC+
                  | Will++}.
 14347 | Lair:5   | 14347 ||| DROPPING +1 broad axe of freezing.
 14418 | Lair:5   | 14418 ||| INVOKING Heroism.
 14503 | Lair:5   | 14503 ||| INVOKING Heroism.
 14565 | Lair:5   | 14565 ||| INVOKING Heroism.
 14566 | Lair:5   | 14566 ||| SWAPPING to +1 demon whip of venom.
 14567 | Lair:5   | 14567 ||| INVOKING Finesse.
 14584 | Lair:5   | 14584 ||| SWAPPING to +8 broad axe "Siykhih" {vorpal, rC+
                  | Will++}.
 14734 | Lair:5   | 14734 ||| INVOKING Heroism.
 14735 | Lair:5   | 14735 ||| SWAPPING to +1 demon whip of venom.
 14736 | Lair:5   | 14736 ||| INVOKING Finesse.
 14743 | Lair:5   | 14743 ||| SWAPPING to +8 broad axe "Siykhih" {vorpal, rC+
                  | Will++}.
 14795 | Lair:5   | 14795 ||| Stepping ~*~*~tactically~*~*~ (stealth).
 14800 | Lair:5   | 14800 ||| Stepping ~*~*~tactically~*~*~ (stealth).
 14801 | Lair:5   | 14801 ||| Stepping ~*~*~tactically~*~*~ (stealth).
 14815 | Lair:5   | 14815 ||| Stepping ~*~*~tactically~*~*~ (stealth).
 14826 | Lair:5   | 14826 ||| Stepping ~*~*~tactically~*~*~ (stealth).
 14827 | Lair:5   | 14827 ||| INVOKING Heroism.
 14828 | Lair:5   | 14828 ||| INVOKING Finesse.
 14838 | Lair:5   | Gained mutation: Your large and strong wings let you fly.
                  | [Gargoyle growth]
 14838 | Lair:5   | Reached XP level 14. HP: 90/90 MP: 7/21
 14847 | Lair:5   | Reached skill level 15 in Axes
 15014 | Lair:5   | 15014 ||| Stepping ~*~*~tactically~*~*~ (stealth).
 15022 | Lair:5   | 15022 ||| INVOKING Heroism.
 15084 | Lair:5   | Found a runed translucent gate.
 15084 | Lair:5   | Found a runed translucent gate.
 15084 | Lair:5   | Found a runed translucent gate.
 15085 | Lair:5   | Noticed qw's ghost (journeyman GrFi)
 15181 | Lair:5   | 15181 ||| Stepping ~*~*~tactically~*~*~ (stealth).
 15217 | Lair:5   | Identified the +11 morningstar "Apeuce" {antimagic, rC+ rN+
                  | Will- Dex+3}
 15219 | Lair:5   | 15219 ||| DROPPING +1 demon whip of venom.
 15261 | Lair:5   | 15261 ||| INVOKING Heroism.
 15561 | Lair:5   | 15561 ||| Stepping ~*~*~tactically~*~*~ (hiding).
 15562 | Lair:5   | 15562 ||| Stepping ~*~*~tactically~*~*~ (hiding).
 15569 | Lair:5   | 15569 ||| INVOKING Heroism.
 15940 | Lair:5   | 15940 ||| PLANNING D:1-11
 15940 | Lair:5   | 15940 ||| DROPPING +1 chain mail of poison resistance.
 16370 | D:11     | Found Kixkioh's Magic Scroll Shop.
 16378 | D:11     | 16378 ||| BUYING scroll of teleportation (39 gold).
 16378 | D:11     | Bought a scroll of teleportation for 39 gold pieces
 16378 | D:11     | 16378 ||| BUYING scroll of teleportation (39 gold).
 16378 | D:11     | Bought a scroll of teleportation for 39 gold pieces
 16392 | D:11     | Found Conyicist's Antique Armour Shop.
 16412 | D:11     | 16412 ||| SHOPLISTING +18 shield of the Gong {rElec rN+
                  | Will+ EV-5} (2724 gold, have 1033).
 16466 | D:11     | 16466 ||| INVOKING Heroism.
 16721 | D:11     | Found Ipehuinu's Armour Boutique.
 16795 | D:11     | Found Folun's Antique Armour Boutique.
 16803 | D:11     | 16803 ||| BUYING glowing chain mail (157 gold).
 16803 | D:11     | Bought a glowing chain mail for 157 gold pieces
 16803 | D:11     | 16803 ||| BUYING runed plate armour (546 gold).
 16803 | D:11     | Bought a runed plate armour for 546 gold pieces
 16943 | D:11     | Found Roethroegh's Antique Weapon Emporium.
 16971 | D:11     | 16971 ||| PLANNING D
 16971 | D:11     | 16971 ||| DROPPING +2 chain mail of cold resistance.
 16972 | D:11     | 16972 ||| DROPPING +2 pair of gloves.
 17009 | D:12     | 17009 ||| STAIRDANCE
 17025 | D:12     | 17025 ||| STAIRDANCE
 17061 | D:12     | 17061 ||| INVOKING Heroism.
 17061 | D:12     | Noticed Lodul
 17063 | D:12     | Received a gift from Okawaru
 17066 | D:12     | Noticed Jorgrun
 17066 | D:12     | Noticed Erolcha
 17067 | D:12     | 17067 ||| INVOKING Finesse.
 17067 | D:12     | Killed Lodul
 17076 | D:12     | Killed Erolcha
 17081 | D:12     | Reached skill level 12 in Fighting
 17094 | D:12     | Killed Jorgrun
 17166 | D:12     | Noticed Gastronok
 17171 | D:12     | 17171 ||| INVOKING Heroism.
 17181 | D:12     | Killed Gastronok
 17346 | D:12     | Noticed Psyche
 17353 | D:12     | Killed Psyche
 17439 | D:12     | 17439 ||| Stepping ~*~*~tactically~*~*~ (hiding).
 17596 | D:12     | 17596 ||| INVOKING Heroism.
 17597 | D:12     | 17597 ||| INVOKING Finesse.
 17857 | D:12     | 17857 ||| READING scroll of acquirement.
 17857 | D:12     | 17857 ||| ACQUIRING +2 cloak of Kikubaaqudgha's Regard
                  | {Harm Drain rC+ Int+5}
 17857 | D:12     | Acquired the +2 cloak of Kikubaaqudgha's Regard {Harm Drain
                  | rC+ Int+5}
 17938 | D:12     | 17938 ||| DROPPING +6 ring of intelligence.
 17970 | D:13     | 17970 ||| DROPPING +11 morningstar "Apeuce" {antimagic, rC+
                  | rN+ Will- Dex+3}.
 18084 | D:13     | 18084 ||| Stepping ~*~*~tactically~*~*~ (hiding).
 18086 | D:13     | 18086 ||| INVOKING Heroism.
 18110 | D:13     | Received a gift from Okawaru
 18288 | D:13     | Noticed an ironbound preserver
 18289 | D:13     | Found a gate to the Vaults.
 18300 | D:13     | Killed an ironbound preserver
 18318 | D:13     | 18318 ||| INVOKING Heroism.
 18319 | D:13     | 18319 ||| INVOKING Finesse.
 18447 | D:13     | 18447 ||| INVOKING Heroism.
 18448 | D:13     | 18448 ||| INVOKING Finesse.
 18567 | D:13     | 18567 ||| INVOKING Heroism.
 18674 | D:13     | 18674 ||| Stepping ~*~*~tactically~*~*~ (hiding).
 18965 | D:13     | 18965 ||| Stepping ~*~*~tactically~*~*~ (stealth).
 19400 | D:13     | 19400 ||| Stepping ~*~*~tactically~*~*~ (hiding).
 19401 | D:13     | 19401 ||| Stepping ~*~*~tactically~*~*~ (hiding).
 19404 | D:13     | 19404 ||| INVOKING Heroism.
 19405 | D:13     | 19405 ||| INVOKING Finesse.
 19409 | D:13     | Received a gift from Okawaru
 19562 | D:13     | 19562 ||| Stepping ~*~*~tactically~*~*~ (hiding).
 19563 | D:13     | 19563 ||| Stepping ~*~*~tactically~*~*~ (hiding).
 19605 | D:13     | 19605 ||| INVOKING Heroism.
 19789 | D:13     | 19789 ||| UPGRADING to +1 buckler of protection.
 19799 | D:13     | 19799 ||| DROPPING +2 buckler.
 19800 | D:13     | 19800 ||| DROPPING +2 pair of gloves.
 19801 | D:13     | 19801 ||| DROPPING amulet of the acrobat.
 19873 | D:14     | 19873 ||| Stepping ~*~*~tactically~*~*~ (hiding).
 19875 | D:14     | 19875 ||| Stepping ~*~*~tactically~*~*~ (hiding).
 19877 | D:14     | 19877 ||| Stepping ~*~*~tactically~*~*~ (hiding).
 19970 | D:14     | Reached XP level 15. HP: 96/96 MP: 19/22
 19988 | D:14     | 19988 ||| Stepping ~*~*~tactically~*~*~ (stealth).
 20038 | D:14     | 20038 ||| Stepping ~*~*~tactically~*~*~ (stealth).
 20049 | D:14     | 20049 ||| INVOKING Heroism.
 20055 | D:14     | Reached skill level 12 in Armour
 20100 | D:14     | 20100 ||| INVOKING Heroism.
 20106 | D:14     | 20106 ||| Stepping ~*~*~tactically~*~*~ (stealth).
 20107 | D:14     | 20107 ||| Stepping ~*~*~tactically~*~*~ (stealth).
 20108 | D:14     | 20108 ||| Stepping ~*~*~tactically~*~*~ (stealth).
 20262 | D:14     | 20262 ||| Stepping ~*~*~tactically~*~*~ (hiding).
 20263 | D:14     | 20263 ||| Stepping ~*~*~tactically~*~*~ (hiding).
 20272 | D:14     | 20272 ||| Stepping ~*~*~tactically~*~*~ (stealth).
 20275 | D:14     | 20275 ||| Stepping ~*~*~tactically~*~*~ (stealth).
 20276 | D:14     | 20276 ||| Stepping ~*~*~tactically~*~*~ (stealth).
 20278 | D:14     | 20278 ||| Stepping ~*~*~tactically~*~*~ (stealth).
 20282 | D:14     | 20282 ||| INVOKING Heroism.
 21126 | D:14     | 21126 ||| DROPPING ring of wizardry.
 21146 | D:15     | Entered Level 15 of the Dungeon
 21157 | D:15     | 21157 ||| INVOKING Heroism.
 21369 | D:15     | 21369 ||| INVOKING Heroism.
 21374 | D:15     | Identified the +0 war axe "Guokec" {flame, rCorr MP+9 Str+2
                  | Int-3} (Okawaru gifted it to you on level 15 of the
                  | Dungeon)
 21374 | D:15     | Received a gift from Okawaru
 21452 | D:15     | 21452 ||| DROPPING +1 hand axe of flaming.
 21488 | D:15     | 21488 ||| INVOKING Heroism.
 21681 | D:15     | Found a staircase to the Depths.
 21732 | D:15     | Noticed Azrael
 21733 | D:15     | 21733 ||| INVOKING Heroism.
 21734 | D:15     | 21734 ||| INVOKING Finesse.
 21754 | D:15     | Killed Azrael
 22051 | D:15     | 22051 ||| Stepping ~*~*~tactically~*~*~ (hiding).
 22143 | D:15     | 22143 ||| INVOKING Heroism.
 22314 | D:15     | 22314 ||| PLANNING ORC
 22474 | Orc:1    | Entered Level 1 of the Orcish Mines
 22502 | Orc:1    | Noticed Urug
 22503 | Orc:1    | 22503 ||| INVOKING Heroism.
 22504 | Orc:1    | 22504 ||| INVOKING Finesse.
 22509 | Orc:1    | Killed Urug
 22685 | Orc:2    | Entered Level 2 of the Orcish Mines
 22697 | Orc:2    | 22697 ||| INVOKING Heroism.
 22741 | Orc:2    | 22741 ||| FLEEEEING.
 22742 | Orc:2    | 22742 ||| FLEEEEING.
 22743 | Orc:2    | 22743 ||| FLEEEEING.
 22747 | Orc:2    | 22747 ||| STAIRDANCE
 22749 | Orc:1    | 22749 ||| Stepping ~*~*~tactically~*~*~ (hiding).
 22750 | Orc:1    | 22750 ||| Stepping ~*~*~tactically~*~*~ (hiding).
 22751 | Orc:1    | 22751 ||| Stepping ~*~*~tactically~*~*~ (stealth).
 22753 | Orc:1    | 22753 ||| INVOKING Heroism.
 22984 | Orc:2    | 22984 ||| Stepping ~*~*~tactically~*~*~ (hiding).
 22985 | Orc:2    | 22985 ||| Stepping ~*~*~tactically~*~*~ (hiding).
 22986 | Orc:2    | 22986 ||| Stepping ~*~*~tactically~*~*~ (hiding).
 23128 | Orc:2    | Found a staircase to the Elven Halls.
 23169 | Orc:2    | 23169 ||| Stepping ~*~*~tactically~*~*~ (hiding).
 23173 | Orc:2    | 23173 ||| INVOKING Heroism.
 23321 | Orc:2    | 23321 ||| Stepping ~*~*~tactically~*~*~ (hiding).
 23330 | Orc:2    | 23330 ||| INVOKING Heroism.
 23354 | Orc:2    | HP: 18/98 [smoke demon/divine providence[an orc high
                  | priest] (11)]
 23355 | Orc:2    | 23355 ||| READING 12 scrolls of teleportation.
 23355 | Orc:2    | HP: 4/98 [orc priest/divine providence (13)]
 23356 | Orc:2    | 23356 ||| DRINKING 3 potions of heal wounds.
 23357 | Orc:2    | 23357 ||| DRINKING 2 potions of heal wounds.
 23359 | Orc:2    | 23359 ||| DRINKING potion of heal wounds.
 23575 | Orc:2    | 23575 ||| Stepping ~*~*~tactically~*~*~ (stealth).
 23576 | Orc:2    | 23576 ||| Stepping ~*~*~tactically~*~*~ (stealth).
 23580 | Orc:2    | 23580 ||| Stepping ~*~*~tactically~*~*~ (hiding).
 23583 | Orc:2    | 23583 ||| INVOKING Heroism.
 23585 | Orc:2    | Received a gift from Okawaru
 23586 | Orc:2    | Reached skill level 6 in Throwing
 23617 | Orc:2    | Found Cinuo's General Store.
 23617 | Orc:2    | Found Kaoqui's Book Shoppe.
 23761 | Orc:2    | Found Hushres's Distillery.
 23761 | Orc:2    | Found Oxot's Distillery.
 23767 | Orc:2    | 23767 ||| BUYING potion of might (52 gold).
 23767 | Orc:2    | Bought a potion of might for 52 gold pieces
 23769 | Orc:2    | 23769 ||| BUYING 2 potions of curing (90 gold).
 23769 | Orc:2    | Bought 2 potions of curing for 90 gold pieces
 23769 | Orc:2    | 23769 ||| BUYING 2 potions of curing (90 gold).
 23769 | Orc:2    | Bought 2 potions of curing for 90 gold pieces
 23769 | Orc:2    | 23769 ||| BUYING potion of curing (45 gold).
 23769 | Orc:2    | Bought a potion of curing for 45 gold pieces
 23769 | Orc:2    | 23769 ||| BUYING potion of haste (150 gold).
 23769 | Orc:2    | Bought a potion of haste for 150 gold pieces
 23769 | Orc:2    | 23769 ||| BUYING potion of haste (150 gold).
 23769 | Orc:2    | Bought a potion of haste for 150 gold pieces
 23769 | Orc:2    | 23769 ||| BUYING potion of mutation (120 gold).
 23769 | Orc:2    | Bought a potion of mutation for 120 gold pieces
 23770 | Orc:2    | 23770 ||| BUYING 2 potions of might (128 gold).
 23770 | Orc:2    | Bought 2 potions of might for 128 gold pieces
 23770 | Orc:2    | 23770 ||| BUYING potion of heal wounds (80 gold).
 23770 | Orc:2    | Bought a potion of heal wounds for 80 gold pieces
 23770 | Orc:2    | 23770 ||| BUYING potion of magic (128 gold).
 23770 | Orc:2    | Bought a potion of magic for 128 gold pieces
 23770 | Orc:2    | 23770 ||| BUYING potion of might (64 gold).
 23770 | Orc:2    | Bought a potion of might for 64 gold pieces
 23770 | Orc:2    | 23770 ||| BUYING potion of mutation (128 gold).
 23770 | Orc:2    | Bought a potion of mutation for 128 gold pieces
 23792 | Orc:2    | 23792 ||| INVOKING Heroism.
 23793 | Orc:2    | 23793 ||| Stepping ~*~*~tactically~*~*~ (hiding).
 23794 | Orc:2    | 23794 ||| Stepping ~*~*~tactically~*~*~ (hiding).
 23796 | Orc:2    | 23796 ||| Stepping ~*~*~tactically~*~*~ (hiding).
 23802 | Orc:2    | 23802 ||| Stepping ~*~*~tactically~*~*~ (hiding).
 23804 | Orc:2    | 23804 ||| Stepping ~*~*~tactically~*~*~ (hiding).
 24054 | Orc:1    | 24054 ||| INVOKING Heroism.
 24230 | Orc:1    | 24230 ||| INVOKING Heroism.
 24234 | Orc:1    | Noticed an orc warlord
 24235 | Orc:1    | 24235 ||| INVOKING Finesse.
 24249 | Orc:1    | Killed an orc warlord
 24359 | Orc:1    | 24359 ||| INVOKING Heroism.
 24364 | Orc:1    | 24364 ||| Stepping ~*~*~tactically~*~*~ (stealth).
 24386 | Orc:1    | 24386 ||| Stepping ~*~*~tactically~*~*~ (stealth).
 24394 | Orc:1    | 24394 ||| Stepping ~*~*~tactically~*~*~ (stealth).
 24399 | Orc:1    | 24399 ||| Stepping ~*~*~tactically~*~*~ (stealth).
 24400 | Orc:1    | 24400 ||| Stepping ~*~*~tactically~*~*~ (stealth).
 24401 | Orc:1    | 24401 ||| Stepping ~*~*~tactically~*~*~ (stealth).
 24426 | Orc:1    | 24426 ||| INVOKING Heroism.
 24432 | Orc:1    | 24432 ||| Stepping ~*~*~tactically~*~*~ (hiding).
 24445 | Orc:1    | 24445 ||| Stepping ~*~*~tactically~*~*~ (stealth).
 24446 | Orc:1    | 24446 ||| Stepping ~*~*~tactically~*~*~ (stealth).
 24454 | Orc:1    | 24454 ||| Stepping ~*~*~tactically~*~*~ (stealth).
 24456 | Orc:1    | 24456 ||| Stepping ~*~*~tactically~*~*~ (stealth).
 24461 | Orc:1    | 24461 ||| INVOKING Heroism.
 24578 | Orc:1    | 24578 ||| INVOKING Heroism.
 24688 | Orc:1    | Received a gift from Okawaru
 24736 | Orc:1    | 24736 ||| PLANNING SPIDER:1-3
 24918 | Spider:1 | Entered Level 1 of the Spider Nest
 24919 | Spider:1 | 24919 ||| INVOKING Finesse.
 24958 | Spider:1 | 24958 ||| Stepping ~*~*~tactically~*~*~ (stealth).
 24964 | Spider:1 | 24964 ||| INVOKING Heroism.
 24967 | Spider:1 | 24967 ||| INVOKING Finesse.
 24974 | Spider:1 | HP: 5/98 [disintegration (58)]
 24975 | Spider:1 | 24975 ||| READING 11 scrolls of teleportation.
 24976 | Spider:1 | 24976 ||| DRINKING potion of heal wounds.
 24982 | Spider:1 | HP: 20/98 [burnt (7)]
 25247 | Spider:1 | Reached XP level 16. HP: 102/104 MP: 14/23
 25256 | Spider:1 | 25256 ||| INVOKING Finesse.
 25258 | Spider:1 | 25258 ||| INVOKING Heroism.
 25280 | Spider:1 | Reached skill level 18 in Axes
 25544 | Spider:1 | 25544 ||| INVOKING Finesse.
 25773 | Spider:1 | Reached skill level 9 in Shields
 25940 | Spider:1 | 25940 ||| INVOKING Heroism.
 26053 | Spider:1 | 26053 ||| READING scroll of enchant armour.
 26053 | Spider:1 | 26053 ||| ENCHANTING +0 pair of boots.
 26138 | Spider:1 | 26138 ||| Stepping ~*~*~tactically~*~*~ (stealth).
 26139 | Spider:1 | 26139 ||| Stepping ~*~*~tactically~*~*~ (stealth).
 26141 | Spider:1 | 26141 ||| Stepping ~*~*~tactically~*~*~ (hiding).
 26156 | Spider:1 | 26156 ||| INVOKING Heroism.
 26348 | Spider:1 | 26348 ||| INVOKING Heroism.
 26474 | Spider:1 | 26474 ||| Stepping ~*~*~tactically~*~*~ (stealth).
 26480 | Spider:1 | 26480 ||| INVOKING Finesse.
 26704 | Spider:2 | 26704 ||| STAIRDANCE
 26736 | Spider:2 | 26736 ||| STAIRDANCE
 26738 | Spider:1 | 26738 ||| INVOKING Heroism.
 26843 | Spider:2 | 26843 ||| STAIRDANCE
 26845 | Spider:1 | 26845 ||| DRINKING 20 potions of curing.
 26845 | Spider:1 | 26845 ||| (to cure confusion)
 26846 | Spider:1 | 26846 ||| INVOKING Heroism.
 26955 | Spider:2 | 26955 ||| STAIRDANCE
 26957 | Spider:1 | 26957 ||| INVOKING Heroism.
 27057 | Spider:2 | 27057 ||| STAIRDANCE
 27060 | Spider:1 | Identified the +7 ring mail of Okawaru's Vengeance {rPois
                  | Regen+ Int-5 Dex+5} (Okawaru gifted it to you on level 1 of
                  | the Spider Nest)
 27060 | Spider:1 | Received a gift from Okawaru
 27100 | Spider:1 | 27100 ||| UPGRADING to +7 ring mail of Okawaru's Vengeance
                  | {rPois Regen+ Int-5 Dex+5}.
 27110 | Spider:1 | 27110 ||| DROPPING +2 plate armour of poison resistance.
 27113 | Spider:2 | 27113 ||| INVOKING Finesse.
 27114 | Spider:2 | 27114 ||| STAIRDANCE
 27190 | Spider:2 | 27190 ||| STAIRDANCE
 27219 | Spider:2 | 27219 ||| STAIRDANCE
 27250 | Spider:2 | 27250 ||| STAIRDANCE
 27286 | Spider:2 | 27286 ||| Stepping ~*~*~tactically~*~*~ (stealth).
 27287 | Spider:2 | 27287 ||| Stepping ~*~*~tactically~*~*~ (hiding).
 27288 | Spider:2 | 27288 ||| Stepping ~*~*~tactically~*~*~ (hiding).
 27289 | Spider:2 | 27289 ||| Stepping ~*~*~tactically~*~*~ (hiding).
 27309 | Spider:2 | 27309 ||| Stepping ~*~*~tactically~*~*~ (stealth).
 27312 | Spider:2 | 27312 ||| INVOKING Heroism.
 27319 | Spider:2 | 27319 ||| DRINKING 19 potions of curing.
 27319 | Spider:2 | 27319 ||| (to cure confusion)
 27398 | Spider:2 | 27398 ||| FLEEEEING.
 27399 | Spider:2 | 27399 ||| STAIRDANCE
 27478 | Spider:2 | 27478 ||| STAIRDANCE
 27526 | Spider:2 | 27526 ||| Stepping ~*~*~tactically~*~*~ (stealth).
 27537 | Spider:2 | 27537 ||| Stepping ~*~*~tactically~*~*~ (stealth).
 27549 | Spider:2 | 27549 ||| INVOKING Heroism.
 27655 | Spider:2 | 27655 ||| Stepping ~*~*~tactically~*~*~ (stealth).
 27687 | Spider:2 | 27687 ||| INVOKING Heroism.
 27691 | Spider:2 | 27691 ||| Stepping ~*~*~tactically~*~*~ (stealth).
 27707 | Spider:2 | 27707 ||| Stepping ~*~*~tactically~*~*~ (stealth).
 27723 | Spider:2 | 27723 ||| Stepping ~*~*~tactically~*~*~ (stealth).
 27765 | Spider:2 | 27765 ||| Stepping ~*~*~tactically~*~*~ (stealth).
 27766 | Spider:2 | 27766 ||| Stepping ~*~*~tactically~*~*~ (stealth).
 27999 | Spider:2 | 27999 ||| DROPPING +6 ring of dexterity.
 28039 | Spider:3 | Reached skill level 6 in Dodging
 28055 | Spider:3 | 28055 ||| Stepping ~*~*~tactically~*~*~ (hiding).
 28058 | Spider:3 | 28058 ||| INVOKING Heroism.
 28173 | Spider:3 | 28173 ||| FLEEEEING.
 28176 | Spider:3 | 28176 ||| FLEEEEING.
 28177 | Spider:3 | 28177 ||| FLEEEEING.
 28178 | Spider:3 | 28178 ||| FLEEEEING.
 28179 | Spider:3 | 28179 ||| FLEEEEING.
 28180 | Spider:3 | 28180 ||| FLEEEEING.
 28181 | Spider:3 | 28181 ||| FLEEEEING.
 28182 | Spider:3 | 28182 ||| FLEEEEING.
 28183 | Spider:3 | 28183 ||| FLEEEEING.
 28184 | Spider:3 | 28184 ||| FLEEEEING.
 28185 | Spider:3 | 28185 ||| FLEEEEING.
 28186 | Spider:3 | 28186 ||| FLEEEEING.
 28187 | Spider:3 | 28187 ||| FLEEEEING.
 28188 | Spider:3 | 28188 ||| FLEEEEING.
 28189 | Spider:3 | 28189 ||| FLEEEEING.
 28190 | Spider:3 | 28190 ||| FLEEEEING.
 28192 | Spider:3 | 28192 ||| FLEEEEING.
 28193 | Spider:3 | 28193 ||| FLEEEEING.
 28194 | Spider:3 | 28194 ||| STAIRDANCE
 28252 | Spider:3 | 28252 ||| Stepping ~*~*~tactically~*~*~ (stealth).
 28328 | Spider:3 | Noticed Arachne
 28330 | Spider:3 | 28330 ||| INVOKING Heroism.
 28350 | Spider:3 | Killed Arachne
 28529 | Spider:3 | 28529 ||| Stepping ~*~*~tactically~*~*~ (hiding).
 28530 | Spider:3 | 28530 ||| INVOKING Heroism.
 28750 | Spider:3 | 28750 ||| Stepping ~*~*~tactically~*~*~ (stealth).
 28824 | Spider:3 | 28824 ||| INVOKING Heroism.
 28917 | Spider:3 | 28917 ||| Stepping ~*~*~tactically~*~*~ (stealth).
 28919 | Spider:3 | 28919 ||| Stepping ~*~*~tactically~*~*~ (stealth).
 28921 | Spider:3 | 28921 ||| Stepping ~*~*~tactically~*~*~ (stealth).
 28924 | Spider:3 | 28924 ||| Stepping ~*~*~tactically~*~*~ (stealth).
 28934 | Spider:3 | 28934 ||| Stepping ~*~*~tactically~*~*~ (stealth).
 28938 | Spider:3 | 28938 ||| Stepping ~*~*~tactically~*~*~ (stealth).
 29012 | Spider:3 | 29012 ||| INVOKING Heroism.
 29014 | Spider:3 | Reached XP level 17. HP: 112/112 MP: 20/24
 29619 | Spider:3 | 29619 ||| PLANNING SWAMP:1-3
 29734 | Swamp:1  | Entered Level 1 of the Swamp
 29864 | Swamp:1  | 29864 ||| Stepping ~*~*~tactically~*~*~ (hiding).
 29865 | Swamp:1  | 29865 ||| Stepping ~*~*~tactically~*~*~ (stealth).
 29869 | Swamp:1  | 29869 ||| INVOKING Heroism.
 29882 | Swamp:1  | 29882 ||| Stepping ~*~*~tactically~*~*~ (hiding).
 29894 | Swamp:1  | Reached skill level 15 in Fighting
 29928 | Swamp:1  | 29928 ||| Stepping ~*~*~tactically~*~*~ (stealth).
 30008 | Swamp:1  | 30008 ||| Stepping ~*~*~tactically~*~*~ (hiding).
 30009 | Swamp:1  | 30009 ||| Stepping ~*~*~tactically~*~*~ (hiding).
 30047 | Swamp:1  | Noticed Aizul
 30048 | Swamp:1  | 30048 ||| INVOKING Heroism.
 30049 | Swamp:1  | 30049 ||| INVOKING Finesse.
 30059 | Swamp:1  | Killed Aizul
 30067 | Swamp:1  | 30067 ||| Stepping ~*~*~tactically~*~*~ (hiding).
 30198 | Swamp:1  | 30198 ||| INVOKING Heroism.
 30322 | Swamp:1  | 30322 ||| INVOKING Heroism.
 30364 | Swamp:1  | 30364 ||| Stepping ~*~*~tactically~*~*~ (hiding).
 30368 | Swamp:1  | 30368 ||| INVOKING Heroism.
 30809 | Swamp:1  | 30809 ||| DROPPING +2 chain mail of poison resistance.
 30824 | Swamp:2  | 30824 ||| INVOKING Heroism.
 30845 | Swamp:2  | 30845 ||| Stepping ~*~*~tactically~*~*~ (stealth).
 30945 | Swamp:2  | 30945 ||| Stepping ~*~*~tactically~*~*~ (stealth).
 30972 | Swamp:2  | 30972 ||| Stepping ~*~*~tactically~*~*~ (stealth).
 31018 | Swamp:2  | 31018 ||| INVOKING Heroism.
 31153 | Swamp:2  | 31153 ||| INVOKING Heroism.
 31164 | Swamp:2  | 31164 ||| Stepping ~*~*~tactically~*~*~ (stealth).
 31165 | Swamp:2  | 31165 ||| Stepping ~*~*~tactically~*~*~ (stealth).
 31173 | Swamp:2  | 31173 ||| Stepping ~*~*~tactically~*~*~ (stealth).
 31174 | Swamp:2  | 31174 ||| Stepping ~*~*~tactically~*~*~ (stealth).
 31175 | Swamp:2  | 31175 ||| Stepping ~*~*~tactically~*~*~ (stealth).
 31179 | Swamp:2  | 31179 ||| Stepping ~*~*~tactically~*~*~ (stealth).
 31215 | Swamp:2  | 31215 ||| Stepping ~*~*~tactically~*~*~ (hiding).
 31218 | Swamp:2  | 31218 ||| INVOKING Heroism.
 31221 | Swamp:2  | Identified the +4 chain mail of Salvation {rC- Str+2 Int+8
                  | Stlth+} (Okawaru gifted it to you on level 2 of the Swamp)
 31221 | Swamp:2  | Received a gift from Okawaru
 31279 | Swamp:2  | 31279 ||| INVOKING Heroism.
 31293 | Swamp:2  | 31293 ||| Stepping ~*~*~tactically~*~*~ (hiding).
 31310 | Swamp:2  | 31310 ||| SWAPPING to +0 war axe "Guokec" {flame, rCorr
                  | MP+9 Str+2 Int-3}.
 31319 | Swamp:2  | 31319 ||| SWAPPING to +8 broad axe "Siykhih" {vorpal, rC+
                  | Will++}.
 31582 | Swamp:2  | 31582 ||| DROPPING +4 chain mail of Salvation {rC- Str+2
                  | Int+8 Stlth+}.
 31618 | Swamp:3  | 31618 ||| INVOKING Heroism.
 31622 | Swamp:3  | 31622 ||| SWAPPING to +0 war axe "Guokec" {flame, rCorr
                  | MP+9 Str+2 Int-3}.
 31629 | Swamp:3  | 31629 ||| SWAPPING to +8 broad axe "Siykhih" {vorpal, rC+
                  | Will++}.
 31724 | Swamp:3  | 31724 ||| INVOKING Heroism.
 31781 | Swamp:3  | Identified the +0 ring mail of the Northern Lights {rElec
                  | MP+9 Slay+3 Stlth+}
 31793 | Swamp:3  | 31793 ||| INVOKING Heroism.
 31799 | Swamp:3  | HP: 12/113 [will-o-the-wisp/foxfire (33)]
 31800 | Swamp:3  | 31800 ||| DRINKING 3 potions of heal wounds.
 31801 | Swamp:3  | 31801 ||| READING 11 scrolls of teleportation.
 31803 | Swamp:3  | 31803 ||| DRINKING 2 potions of heal wounds.
 31916 | Swamp:3  | 31916 ||| Stepping ~*~*~tactically~*~*~ (hiding).
 31949 | Swamp:3  | 31949 ||| Stepping ~*~*~tactically~*~*~ (hiding).
 32128 | Swamp:3  | 32128 ||| READING scroll of enchant armour.
 32128 | Swamp:3  | 32128 ||| ENCHANTING +1 pair of boots.
 32191 | Swamp:3  | 32191 ||| Stepping ~*~*~tactically~*~*~ (hiding).
 32192 | Swamp:3  | Found a runed translucent gate.
 32193 | Swamp:3  | Found a runed translucent gate.
 32193 | Swamp:3  | Found a runed translucent gate.
 32211 | Swamp:3  | Noticed Silenth's ghost (adept KoHu)
 32212 | Swamp:3  | Noticed Iffuusoj's ghost (adept MiBe)
 32212 | Swamp:3  | Noticed swinepaste's ghost (journeyman DsMo)
 32214 | Swamp:3  | Noticed Iffuusoj's ghost (adept MiBe)
 32464 | Swamp:3  | 32464 ||| PLANNING SPIDER:4
 32618 | Spider:4 | Entered Level 4 of the Spider Nest
 32619 | Spider:4 | 32619 ||| STAIRDANCE
 32723 | Spider:4 | 32723 ||| STAIRDANCE
 32725 | Spider:3 | 32725 ||| INVOKING Heroism.
 32807 | Spider:4 | 32807 ||| STAIRDANCE
 32809 | Spider:3 | 32809 ||| INVOKING Heroism.
 32907 | Spider:4 | 32907 ||| STAIRDANCE
 32909 | Spider:3 | 32909 ||| INVOKING Heroism.
 33009 | Spider:4 | 33009 ||| STAIRDANCE
 33011 | Spider:3 | 33011 ||| DRINKING 20 potions of curing.
 33011 | Spider:3 | 33011 ||| (to cure confusion)
 33012 | Spider:3 | 33012 ||| INVOKING Heroism.
 33149 | Spider:4 | 33149 ||| STAIRDANCE
 33151 | Spider:3 | 33151 ||| INVOKING Heroism.
 33217 | Spider:4 | 33217 ||| STAIRDANCE
 33218 | Spider:4 | 33218 ||| INVOKING Heroism.
 33236 | Spider:4 | 33236 ||| Stepping ~*~*~tactically~*~*~ (hiding).
 33238 | Spider:4 | 33238 ||| Stepping ~*~*~tactically~*~*~ (hiding).
 33239 | Spider:4 | 33239 ||| Stepping ~*~*~tactically~*~*~ (hiding).
 33262 | Spider:4 | 33262 ||| Stepping ~*~*~tactically~*~*~ (stealth).
 33263 | Spider:4 | 33263 ||| Stepping ~*~*~tactically~*~*~ (stealth).
 33266 | Spider:4 | 33266 ||| Stepping ~*~*~tactically~*~*~ (hiding).
 33287 | Spider:4 | 33287 ||| STAIRDANCE
 33406 | Spider:4 | 33406 ||| STAIRDANCE
 33432 | Spider:4 | 33432 ||| INVOKING Finesse.
 33436 | Spider:4 | Reached XP level 18. HP: 123/123 MP: 17/25
 33486 | Spider:4 | 33486 ||| INVOKING Heroism.
 33618 | Spider:4 | 33618 ||| INVOKING Finesse.
 33619 | Spider:4 | 33619 ||| Stepping ~*~*~tactically~*~*~ (hiding).
 33626 | Spider:4 | Reached skill level 9 in Dodging
 33627 | Spider:4 | Noticed Bai Suzhen
 33628 | Spider:4 | 33628 ||| Stepping ~*~*~tactically~*~*~ (stealth).
 33662 | Spider:4 | 33662 ||| INVOKING Finesse.
 33768 | Spider:4 | 33768 ||| Stepping ~*~*~tactically~*~*~ (stealth).
 33777 | Spider:4 | 33777 ||| Stepping ~*~*~tactically~*~*~ (stealth).
 33867 | Spider:4 | 33867 ||| INVOKING Heroism.
 33874 | Spider:4 | 33874 ||| INVOKING Finesse.
 33894 | Spider:4 | Received a gift from Okawaru
 33989 | Spider:4 | 33989 ||| INVOKING Heroism.
 34019 | Spider:4 | Killed Bai Suzhen
 34182 | Spider:4 | 34182 ||| INVOKING Heroism.
 34218 | Spider:4 | 34218 ||| Stepping ~*~*~tactically~*~*~ (stealth).
 34231 | Spider:4 | 34231 ||| INVOKING Finesse.
 34443 | Spider:4 | 34443 ||| Stepping ~*~*~tactically~*~*~ (stealth).
 34445 | Spider:4 | 34445 ||| INVOKING Heroism.
 34645 | Spider:4 | Got a gossamer rune of Zot
 34909 | Spider:4 | 34909 ||| PLANNING VAULTS:1-4
 34909 | Spider:4 | 34909 ||| DROPPING +2 chain mail of cold resistance.
 34910 | Spider:4 | 34910 ||| DROPPING +1 pair of boots of flying.
 34911 | Spider:4 | 34911 ||| DROPPING +2 pair of gloves of hurling.
 34912 | Spider:4 | 34912 ||| READING 9 scrolls of identify.
 34912 | Spider:4 | 34912 ||| IDENTIFYING brown potion
 35153 | Vaults:1 | Entered Level 1 of the Vaults
 35183 | Vaults:1 | 35183 ||| Stepping ~*~*~tactically~*~*~ (hiding).
 35254 | Vaults:1 | 35254 ||| Stepping ~*~*~tactically~*~*~ (hiding).
 35263 | Vaults:1 | Received a gift from Okawaru
 35292 | Vaults:1 | 35292 ||| Stepping ~*~*~tactically~*~*~ (stealth).
 35293 | Vaults:1 | 35293 ||| INVOKING Heroism.
 35294 | Vaults:1 | 35294 ||| INVOKING Finesse.
 35308 | Vaults:1 | 35308 ||| Stepping ~*~*~tactically~*~*~ (hiding).
 35312 | Vaults:1 | 35312 ||| Stepping ~*~*~tactically~*~*~ (hiding).
 35317 | Vaults:1 | Reached skill level 18 in Fighting
 35371 | Vaults:1 | Received a gift from Okawaru
 35453 | Vaults:1 | 35453 ||| Stepping ~*~*~tactically~*~*~ (stealth).
 35463 | Vaults:1 | 35463 ||| Stepping ~*~*~tactically~*~*~ (stealth).
 35693 | Vaults:1 | 35693 ||| INVOKING Heroism.
 35867 | Vaults:1 | 35867 ||| INVOKING Heroism.
 36002 | Vaults:1 | Received a gift from Okawaru
 36265 | Vaults:1 | 36265 ||| Stepping ~*~*~tactically~*~*~ (stealth).
 36269 | Vaults:1 | 36269 ||| INVOKING Heroism.
 36270 | Vaults:1 | 36270 ||| Stepping ~*~*~tactically~*~*~ (hiding).
 36273 | Vaults:1 | 36273 ||| Stepping ~*~*~tactically~*~*~ (hiding).
 36275 | Vaults:1 | 36275 ||| Stepping ~*~*~tactically~*~*~ (hiding).
 36276 | Vaults:1 | 36276 ||| Stepping ~*~*~tactically~*~*~ (hiding).
 36277 | Vaults:1 | 36277 ||| Stepping ~*~*~tactically~*~*~ (hiding).
 36466 | Vaults:1 | 36466 ||| INVOKING Heroism.
 36499 | Vaults:1 | Received a gift from Okawaru
 36911 | Vaults:1 | Found a runed translucent door.
 36914 | Vaults:1 | Noticed qw's ghost (adept GrFi)
 37095 | Vaults:1 | 37095 ||| INVOKING Heroism.
 37116 | Vaults:1 | HP: 30/128 [orc warrior/+0 halberd (15)]
 37117 | Vaults:1 | 37117 ||| READING 13 scrolls of teleportation.
 37118 | Vaults:1 | 37118 ||| DRINKING potion of heal wounds.
 37344 | Vaults:1 | 37344 ||| Stepping ~*~*~tactically~*~*~ (stealth).
 37720 | Vaults:2 | 37720 ||| INVOKING Heroism.
 37742 | Vaults:2 | Reached skill level 9 in Throwing
 37742 | Vaults:2 | Reached XP level 19. HP: 129/132 MP: 5/26
 37884 | Vaults:2 | 37884 ||| Stepping ~*~*~tactically~*~*~ (hiding).
 37890 | Vaults:2 | 37890 ||| INVOKING Heroism.
 37894 | Vaults:2 | 37894 ||| Stepping ~*~*~tactically~*~*~ (stealth).
 38097 | Vaults:2 | 38097 ||| Stepping ~*~*~tactically~*~*~ (stealth).
 38099 | Vaults:2 | 38099 ||| Stepping ~*~*~tactically~*~*~ (stealth).
 38101 | Vaults:2 | 38101 ||| Stepping ~*~*~tactically~*~*~ (hiding).
 38251 | Vaults:2 | 38251 ||| INVOKING Heroism.
 38263 | Vaults:2 | Identified the +5 ring mail of the Tick {rF+ rN+ Will+}
                  | (Okawaru gifted it to you on level 2 of the Vaults)
 38263 | Vaults:2 | Received a gift from Okawaru
 38539 | Vaults:2 | 38539 ||| INVOKING Heroism.
 38551 | Vaults:2 | Reached skill level 12 in Shields
 38552 | Vaults:2 | 38552 ||| Stepping ~*~*~tactically~*~*~ (hiding).
 38553 | Vaults:2 | 38553 ||| Stepping ~*~*~tactically~*~*~ (hiding).
 38555 | Vaults:2 | 38555 ||| Stepping ~*~*~tactically~*~*~ (stealth).
 38556 | Vaults:2 | 38556 ||| Stepping ~*~*~tactically~*~*~ (hiding).
 38557 | Vaults:2 | 38557 ||| Stepping ~*~*~tactically~*~*~ (stealth).
 38723 | Vaults:2 | 38723 ||| DROPPING +3 broad axe.
 38747 | Vaults:2 | 38747 ||| Stepping ~*~*~tactically~*~*~ (hiding).
 38769 | Vaults:2 | 38769 ||| Stepping ~*~*~tactically~*~*~ (hiding).
 39189 | Vaults:2 | Found Jauje's General Store.
 39199 | Vaults:2 | 39199 ||| FLEEEEING.
 39200 | Vaults:2 | 39200 ||| FLEEEEING.
 39200 | Vaults:2 | Found Lawollen's General Store.
 39201 | Vaults:2 | 39201 ||| FLEEEEING.
 39207 | Vaults:2 | 39207 ||| FLEEEEING.
 39208 | Vaults:2 | 39208 ||| FLEEEEING.
 39209 | Vaults:2 | 39209 ||| FLEEEEING.
 39210 | Vaults:2 | 39210 ||| FLEEEEING.
 39211 | Vaults:2 | 39211 ||| FLEEEEING.
 39214 | Vaults:2 | 39214 ||| FLEEEEING.
 39215 | Vaults:2 | 39215 ||| FLEEEEING.
 39216 | Vaults:2 | 39216 ||| INVOKING Heroism.
 39390 | Vaults:2 | 39390 ||| BUYING potion of might (72 gold).
 39390 | Vaults:2 | Bought a potion of might for 72 gold pieces
 39400 | Vaults:2 | 39400 ||| BUYING potion of curing (33 gold).
 39400 | Vaults:2 | Bought a potion of curing for 33 gold pieces
 39513 | Vaults:2 | Found a staircase to the Crypt.
 39513 | Vaults:2 | Found a basalt altar of Yredelemnul.
 39513 | Vaults:2 | Found an ancient bone altar of Kikubaaqudgha.
 39519 | Vaults:2 | Identified the ring of Wangam {rF+ Dex+5}
 39650 | Vaults:2 | 39650 ||| Stepping ~*~*~tactically~*~*~ (hiding).
 39785 | Vaults:2 | 39785 ||| Stepping ~*~*~tactically~*~*~ (hiding).
 39788 | Vaults:2 | 39788 ||| Stepping ~*~*~tactically~*~*~ (hiding).
 40047 | Vaults:2 | 40047 ||| DROPPING amulet of faith.
 40048 | Vaults:2 | 40048 ||| DROPPING ring of protection from fire.
 40049 | Vaults:2 | 40049 ||| UPGRADING to ring of Wangam {rF+ Dex+5}.
 40051 | Vaults:2 | 40051 ||| UPGRADING to +3 crown of Dyrovepreva {rElec Int+2
                  | SInv}.
 40061 | Vaults:2 | 40061 ||| DROPPING ring of see invisible.
 40163 | Vaults:3 | 40163 ||| Stepping ~*~*~tactically~*~*~ (stealth).
 40166 | Vaults:3 | 40166 ||| Stepping ~*~*~tactically~*~*~ (hiding).
 40169 | Vaults:3 | 40169 ||| Stepping ~*~*~tactically~*~*~ (hiding).
 40176 | Vaults:3 | 40176 ||| INVOKING Heroism.
 40215 | Vaults:3 | 40215 ||| Stepping ~*~*~tactically~*~*~ (stealth).
 40216 | Vaults:3 | 40216 ||| Stepping ~*~*~tactically~*~*~ (stealth).
 40217 | Vaults:3 | 40217 ||| Stepping ~*~*~tactically~*~*~ (stealth).
 40280 | Vaults:3 | 40280 ||| Stepping ~*~*~tactically~*~*~ (stealth).
 40281 | Vaults:3 | 40281 ||| Stepping ~*~*~tactically~*~*~ (stealth).
 40321 | Vaults:3 | 40321 ||| INVOKING Heroism.
 40502 | Vaults:3 | 40502 ||| Stepping ~*~*~tactically~*~*~ (hiding).
 40590 | Vaults:3 | Found Juogug's Jewellery Boutique.
 40591 | Vaults:3 | 40591 ||| READING 12 scrolls of teleportation.
 40593 | Vaults:3 | 40593 ||| FLEEEEING.
 40595 | Vaults:3 | 40595 ||| FLEEEEING.
 40630 | Vaults:3 | 40630 ||| INVOKING Heroism.
 40632 | Vaults:3 | 40632 ||| INVOKING Finesse.
 40659 | Vaults:3 | Identified the +2 chain mail of Agoraphobia {rC+} (Okawaru
                  | gifted it to you on level 3 of the Vaults)
 40659 | Vaults:3 | Received a gift from Okawaru
 40673 | Vaults:3 | 40673 ||| Stepping ~*~*~tactically~*~*~ (hiding).
 40688 | Vaults:3 | 40688 ||| Stepping ~*~*~tactically~*~*~ (hiding).
 40890 | Vaults:3 | 40890 ||| Stepping ~*~*~tactically~*~*~ (stealth).
 40892 | Vaults:3 | 40892 ||| INVOKING Heroism.
 40897 | Vaults:3 | 40897 ||| Stepping ~*~*~tactically~*~*~ (hiding).
 40968 | Vaults:3 | 40968 ||| Stepping ~*~*~tactically~*~*~ (stealth).
 41073 | Vaults:3 | 41073 ||| INVOKING Finesse.
 41074 | Vaults:3 | 41074 ||| INVOKING Heroism.
 41082 | Vaults:3 | 41082 ||| Stepping ~*~*~tactically~*~*~ (hiding).
 41104 | Vaults:3 | Reached XP level 20. HP: 140/140 MP: 4/27
 41118 | Vaults:3 | Reached skill level 12 in Dodging
 41258 | Vaults:3 | 41258 ||| Stepping ~*~*~tactically~*~*~ (stealth).
 41336 | Vaults:3 | 41336 ||| INVOKING Heroism.
 41341 | Vaults:3 | 41341 ||| Stepping ~*~*~tactically~*~*~ (stealth).
 41345 | Vaults:3 | 41345 ||| Stepping ~*~*~tactically~*~*~ (stealth).
 41472 | Vaults:3 | 41472 ||| Stepping ~*~*~tactically~*~*~ (hiding).
 41475 | Vaults:3 | 41475 ||| Stepping ~*~*~tactically~*~*~ (hiding).
 41546 | Vaults:3 | 41546 ||| Stepping ~*~*~tactically~*~*~ (stealth).
 41770 | Vaults:3 | 41770 ||| INVOKING Heroism.
 41771 | Vaults:3 | 41771 ||| INVOKING Finesse.
 41882 | Vaults:3 | 41882 ||| Stepping ~*~*~tactically~*~*~ (hiding).
 41891 | Vaults:3 | 41891 ||| INVOKING Heroism.
 41896 | Vaults:3 | 41896 ||| Stepping ~*~*~tactically~*~*~ (hiding).
 42075 | Vaults:3 | Found the +18 Lear's hauberk
 42102 | Vaults:3 | 42102 ||| Stepping ~*~*~tactically~*~*~ (hiding).
 42103 | Vaults:3 | 42103 ||| Stepping ~*~*~tactically~*~*~ (stealth).
 42104 | Vaults:3 | 42104 ||| Stepping ~*~*~tactically~*~*~ (hiding).
 42105 | Vaults:3 | 42105 ||| INVOKING Heroism.
 42123 | Vaults:3 | HP: 22/138 [stone giant (17)]
 42124 | Vaults:3 | 42124 ||| READING 11 scrolls of teleportation.
 42125 | Vaults:3 | 42125 ||| DRINKING potion of heal wounds.
 42127 | Vaults:3 | Reached skill level 21 in Fighting
 42272 | Vaults:3 | 42272 ||| DROPPING +2 chain mail of Agoraphobia {rC+}.
 42273 | Vaults:3 | 42273 ||| UPGRADING to +0 tower shield.
 42283 | Vaults:3 | 42283 ||| INVOKING Heroism.
 42311 | Vaults:3 | 42311 ||| DROPPING +1 buckler of protection.
 42399 | Vaults:3 | 42399 ||| BUYING ring of resist corrosion (300 gold).
 42399 | Vaults:3 | Bought a ring of resist corrosion for 300 gold pieces
 42561 | Vaults:3 | 42561 ||| Stepping ~*~*~tactically~*~*~ (stealth).
 42579 | Vaults:3 | Received a gift from Okawaru
 42618 | Vaults:3 | 42618 ||| Stepping ~*~*~tactically~*~*~ (stealth).
 42620 | Vaults:3 | 42620 ||| Stepping ~*~*~tactically~*~*~ (hiding).
 42641 | Vaults:3 | 42641 ||| Stepping ~*~*~tactically~*~*~ (stealth).
 42673 | Vaults:3 | 42673 ||| Stepping ~*~*~tactically~*~*~ (hiding).
 42674 | Vaults:3 | 42674 ||| Stepping ~*~*~tactically~*~*~ (hiding).
 43117 | Vaults:3 | Identified the ring "Omuac" {rF+ Will+}
 43156 | Vaults:3 | 43156 ||| Stepping ~*~*~tactically~*~*~ (stealth).
 43157 | Vaults:3 | 43157 ||| INVOKING Heroism.
 43171 | Vaults:3 | Received a gift from Okawaru
 43216 | Vaults:3 | 43216 ||| UPGRADING to +4 plate armour of willpower.
 43226 | Vaults:3 | 43226 ||| Stepping ~*~*~tactically~*~*~ (hiding).
 43229 | Vaults:3 | 43229 ||| INVOKING Heroism.
 43247 | Vaults:3 | 43247 ||| DROPPING +7 ring mail of Okawaru's Vengeance
                  | {rPois Regen+ Int-5 Dex+5}.
 43282 | Vaults:3 | 43282 ||| DROPPING +0 cloak.
 43305 | Vaults:3 | 43305 ||| DROPPING ring of protection from fire.
 43509 | Vaults:4 | 43509 ||| Stepping ~*~*~tactically~*~*~ (hiding).
 43512 | Vaults:4 | 43512 ||| INVOKING Heroism.
 43590 | Vaults:4 | 43590 ||| Stepping ~*~*~tactically~*~*~ (hiding).
 43685 | Vaults:4 | 43685 ||| Stepping ~*~*~tactically~*~*~ (hiding).
 43693 | Vaults:4 | 43693 ||| INVOKING Heroism.
 43695 | Vaults:4 | 43695 ||| Stepping ~*~*~tactically~*~*~ (hiding).
 43696 | Vaults:4 | 43696 ||| Stepping ~*~*~tactically~*~*~ (hiding).
 43697 | Vaults:4 | 43697 ||| Stepping ~*~*~tactically~*~*~ (hiding).
 43702 | Vaults:4 | Received a gift from Okawaru
 43804 | Vaults:4 | 43804 ||| Stepping ~*~*~tactically~*~*~ (stealth).
 43804 | Vaults:4 | Found Nazxacuv's Weapon Shoppe.
 43805 | Vaults:4 | 43805 ||| INVOKING Heroism.
 43806 | Vaults:4 | 43806 ||| Stepping ~*~*~tactically~*~*~ (stealth).
 43893 | Vaults:4 | 43893 ||| Stepping ~*~*~tactically~*~*~ (hiding).
 43918 | Vaults:4 | 43918 ||| Stepping ~*~*~tactically~*~*~ (hiding).
 43927 | Vaults:4 | 43927 ||| Stepping ~*~*~tactically~*~*~ (hiding).
 43928 | Vaults:4 | 43928 ||| Stepping ~*~*~tactically~*~*~ (hiding).
 43968 | Vaults:4 | 43968 ||| Stepping ~*~*~tactically~*~*~ (hiding).
 43974 | Vaults:4 | 43974 ||| Stepping ~*~*~tactically~*~*~ (stealth).
 43975 | Vaults:4 | Received a gift from Okawaru
 44019 | Vaults:4 | 44019 ||| Stepping ~*~*~tactically~*~*~ (stealth).
 44020 | Vaults:4 | 44020 ||| Stepping ~*~*~tactically~*~*~ (stealth).
 44037 | Vaults:4 | 44037 ||| Stepping ~*~*~tactically~*~*~ (stealth).
 44038 | Vaults:4 | 44038 ||| Stepping ~*~*~tactically~*~*~ (stealth).
 44042 | Vaults:4 | 44042 ||| INVOKING Heroism.
 44066 | Vaults:4 | Received a gift from Okawaru
 44327 | Vaults:4 | Found Uwoh's Book Shop.
 44331 | Vaults:4 | Found Zuvvagh's Book Shop.
 44467 | Vaults:4 | 44467 ||| INVOKING Heroism.
 44797 | Vaults:4 | 44797 ||| Stepping ~*~*~tactically~*~*~ (hiding).
 44805 | Vaults:4 | 44805 ||| INVOKING Heroism.
 44819 | Vaults:4 | Reached skill level 15 in Shields
 44833 | Vaults:4 | Reached XP level 21. HP: 109/148 MP: 1/28
 45040 | Vaults:4 | 45040 ||| INVOKING Heroism.
 45047 | Vaults:4 | Received a gift from Okawaru
 45241 | Vaults:4 | 45241 ||| PLANNING SWAMP:4
 45602 | Swamp:4  | Entered Level 4 of the Swamp
 45758 | Swamp:4  | 45758 ||| Stepping ~*~*~tactically~*~*~ (stealth).
 45761 | Swamp:4  | 45761 ||| Stepping ~*~*~tactically~*~*~ (hiding).
 45784 | Swamp:4  | 45784 ||| FLEEEEING.
 45785 | Swamp:4  | 45785 ||| FLEEEEING.
 45786 | Swamp:4  | 45786 ||| FLEEEEING.
 45878 | Swamp:4  | 45878 ||| READING scroll of enchant armour.
 45878 | Swamp:4  | 45878 ||| ENCHANTING +4 plate armour of willpower.
 45914 | Swamp:4  | Reached ****** piety under Okawaru
 45951 | Swamp:4  | Identified the +1 cloak of Tyicuag {rF+ Int+3 Slay+2}
                  | (Okawaru gifted it to you on level 4 of the Swamp)
 45951 | Swamp:4  | Received a gift from Okawaru
 46090 | Swamp:4  | 46090 ||| Stepping ~*~*~tactically~*~*~ (hiding).
 46126 | Swamp:4  | 46126 ||| Stepping ~*~*~tactically~*~*~ (stealth).
 46127 | Swamp:4  | 46127 ||| Stepping ~*~*~tactically~*~*~ (stealth).
 46128 | Swamp:4  | 46128 ||| Stepping ~*~*~tactically~*~*~ (stealth).
 46129 | Swamp:4  | 46129 ||| Stepping ~*~*~tactically~*~*~ (stealth).
 46130 | Swamp:4  | 46130 ||| Stepping ~*~*~tactically~*~*~ (stealth).
 46276 | Swamp:4  | 46276 ||| Stepping ~*~*~tactically~*~*~ (stealth).
 46360 | Swamp:4  | 46360 ||| PLANNING SWAMP:1-3
 46360 | Swamp:4  | 46360 ||| DROPPING +0 cloak of willpower.
 46361 | Swamp:4  | 46361 ||| UPGRADING to +1 cloak of Tyicuag {rF+ Int+3
                  | Slay+2}.
 46371 | Swamp:4  | 46371 ||| DROPPING scarf of repulsion.
 46372 | Swamp:4  | 46372 ||| UPGRADING to +4 ring of evasion.
 46405 | Swamp:3  | 46405 ||| PLANNING SWAMP:4
 46417 | Swamp:4  | 46417 ||| PLANNING SWAMP:1-3
 46417 | Swamp:4  | 46417 ||| READING 16 scrolls of teleportation.
 46418 | Swamp:4  | 46418 ||| STAIRDANCE
 46425 | Swamp:3  | 46425 ||| PLANNING SWAMP:4
 46477 | Swamp:4  | 46477 ||| PLANNING SWAMP:1-3
 46529 | Swamp:3  | 46529 ||| PLANNING SWAMP:4
 46541 | Swamp:4  | 46541 ||| PLANNING SWAMP:1-3
 46541 | Swamp:4  | 46541 ||| READING 15 scrolls of teleportation.
 46542 | Swamp:4  | 46542 ||| STAIRDANCE
 46570 | Swamp:3  | 46570 ||| PLANNING SWAMP:4
 46626 | Swamp:4  | 46626 ||| INVOKING Heroism.
 46627 | Swamp:4  | 46627 ||| Stepping ~*~*~tactically~*~*~ (hiding).
 46642 | Swamp:4  | 46642 ||| Stepping ~*~*~tactically~*~*~ (cloud).
 46691 | Swamp:4  | 46691 ||| Stepping ~*~*~tactically~*~*~ (stealth).
 46748 | Swamp:4  | 46748 ||| Stepping ~*~*~tactically~*~*~ (stealth).
 46750 | Swamp:4  | 46750 ||| Stepping ~*~*~tactically~*~*~ (stealth).
 46756 | Swamp:4  | 46756 ||| Stepping ~*~*~tactically~*~*~ (stealth).
 46757 | Swamp:4  | 46757 ||| Stepping ~*~*~tactically~*~*~ (stealth).
 46764 | Swamp:4  | 46764 ||| Stepping ~*~*~tactically~*~*~ (stealth).
 46765 | Swamp:4  | 46765 ||| Stepping ~*~*~tactically~*~*~ (stealth).
 46774 | Swamp:4  | 46774 ||| Stepping ~*~*~tactically~*~*~ (stealth).
 46779 | Swamp:4  | 46779 ||| INVOKING Heroism.
 46897 | Swamp:4  | 46897 ||| PLANNING SWAMP:1-3
 46901 | Swamp:4  | 46901 ||| Stepping ~*~*~tactically~*~*~ (cloud).
 46976 | Swamp:3  | 46976 ||| PLANNING SWAMP:4
 47022 | Swamp:4  | 47022 ||| PLANNING SWAMP:1-3
 47022 | Swamp:4  | 47022 ||| READING 14 scrolls of teleportation.
 47068 | Swamp:4  | 47068 ||| Stepping ~*~*~tactically~*~*~ (cloud).
 47110 | Swamp:4  | 47110 ||| Stepping ~*~*~tactically~*~*~ (cloud).
 47112 | Swamp:4  | 47112 ||| Stepping ~*~*~tactically~*~*~ (cloud).
 47187 | Swamp:4  | 47187 ||| READING 13 scrolls of teleportation.
 47230 | Swamp:3  | 47230 ||| PLANNING SWAMP:4
 47280 | Swamp:4  | 47280 ||| PLANNING SWAMP:1-3
 47332 | Swamp:3  | 47332 ||| PLANNING SWAMP:4
 47344 | Swamp:4  | 47344 ||| PLANNING SWAMP:1-3
 47344 | Swamp:4  | 47344 ||| READING 12 scrolls of teleportation.
 47345 | Swamp:4  | 47345 ||| STAIRDANCE
 47384 | Swamp:3  | 47384 ||| PLANNING SWAMP:4
 47437 | Swamp:4  | 47437 ||| Stepping ~*~*~tactically~*~*~ (cloud).
 47438 | Swamp:4  | 47438 ||| PLANNING SWAMP:1-3
 47490 | Swamp:3  | 47490 ||| PLANNING SWAMP:4
 47502 | Swamp:4  | 47502 ||| PLANNING SWAMP:1-3
 47502 | Swamp:4  | 47502 ||| READING 11 scrolls of teleportation.
 47503 | Swamp:4  | 47503 ||| STAIRDANCE
 47543 | Swamp:3  | 47543 ||| PLANNING SWAMP:4
 47616 | Swamp:4  | 47616 ||| PLANNING SWAMP:1-3
 47645 | Swamp:4  | 47645 ||| Stepping ~*~*~tactically~*~*~ (cloud).
 47715 | Swamp:4  | 47715 ||| Stepping ~*~*~tactically~*~*~ (cloud).
 47751 | Swamp:4  | 47751 ||| Stepping ~*~*~tactically~*~*~ (cloud).
 47767 | Swamp:4  | Got a decaying rune of Zot
 47768 | Swamp:4  | 47768 ||| READING 10 scrolls of teleportation.
 47851 | Swamp:3  | 47851 ||| PLANNING DEPTHS
 48130 | Depths:1 | Entered Level 1 of the Depths
 48136 | Depths:1 | 48136 ||| Stepping ~*~*~tactically~*~*~ (stealth).
 48137 | Depths:1 | 48137 ||| Stepping ~*~*~tactically~*~*~ (stealth).
 48139 | Depths:1 | 48139 ||| INVOKING Heroism.
 48142 | Depths:1 | 48142 ||| INVOKING Finesse.
 48290 | Depths:1 | 48290 ||| INVOKING Heroism.
 48291 | Depths:1 | 48291 ||| INVOKING Finesse.
 48530 | Depths:1 | Found a one-way gate to the infinite horrors of the Abyss.
 48533 | Depths:1 | Noticed Louise
 48535 | Depths:1 | 48535 ||| Stepping ~*~*~tactically~*~*~ (hiding).
 48536 | Depths:1 | 48536 ||| Stepping ~*~*~tactically~*~*~ (hiding).
 48557 | Depths:1 | Killed Louise
 48617 | Depths:1 | 48617 ||| Stepping ~*~*~tactically~*~*~ (hiding).
 48623 | Depths:1 | 48623 ||| INVOKING Heroism.
 48624 | Depths:1 | 48624 ||| INVOKING Finesse.
 48726 | Depths:1 | Found Big Baal Hell's Store.
 48728 | Depths:1 | 48728 ||| INVOKING Heroism.
 48843 | Depths:1 | Found a gateway to Hell.
 48846 | Depths:1 | 48846 ||| SHOPLISTING +0 fire dragon scales of Kaitobuh
                  | {rF++ rC- Regen+ rCorr Str-2 SInv} (4791 gold, have 2446).
 48846 | Depths:1 | 48846 ||| SHOPLISTING 10 potions of heal wounds (3300 gold,
                  | have 2446).
 48846 | Depths:1 | 48846 ||| SHOPLISTING ring "Ifegrihiel" {rN+ Will+ SInv}
                  | (2666 gold, have 2446).
 48846 | Depths:1 | 48846 ||| SHOPLISTING ring "Xeacle Umevi" {Will+ rCorr MP+9
                  | Dex-4 Slay+2} (3729 gold, have 2446).
 48873 | Depths:1 | 48873 ||| INVOKING Heroism.
 48878 | Depths:1 | Reached skill level 18 in Shields
 49084 | Depths:1 | Noticed a golden dragon
 49085 | Depths:1 | 49085 ||| INVOKING Heroism.
 49086 | Depths:1 | 49086 ||| INVOKING Finesse.
 49091 | Depths:1 | 49091 ||| Stepping ~*~*~tactically~*~*~ (hiding).
 49114 | Depths:1 | Killed a golden dragon
 49118 | Depths:1 | Received a gift from Okawaru
 49425 | Depths:1 | Found a one-way gate leading to the halls of Pandemonium.
 49426 | Depths:1 | 49426 ||| Stepping ~*~*~tactically~*~*~ (hiding).
 49430 | Depths:1 | 49430 ||| INVOKING Heroism.
 49746 | Depths:1 | Found a shimmering blue altar of Sif Muna.
 49828 | Depths:1 | 49828 ||| DROPPING ring of fire.
 49910 | Depths:2 | 49910 ||| Stepping ~*~*~tactically~*~*~ (hiding).
 49964 | Depths:2 | 49964 ||| INVOKING Heroism.
 49965 | Depths:2 | 49965 ||| INVOKING Finesse.
 50156 | Depths:2 | 50156 ||| Stepping ~*~*~tactically~*~*~ (hiding).
 50162 | Depths:2 | 50162 ||| INVOKING Heroism.
 50163 | Depths:2 | 50163 ||| INVOKING Finesse.
 50301 | Depths:2 | 50301 ||| Stepping ~*~*~tactically~*~*~ (hiding).
 50381 | Depths:2 | 50381 ||| INVOKING Heroism.
 50539 | Depths:2 | Received a gift from Okawaru
 50594 | Depths:2 | Found a broken altar of Ashenzari.
 51202 | Depths:3 | 51202 ||| INVOKING Heroism.
 51215 | Depths:3 | Received a gift from Okawaru
 51219 | Depths:3 | 51219 ||| INVOKING Finesse.
 51362 | Depths:3 | 51362 ||| DROPPING +1 vorpal broad axe.
 51513 | Depths:3 | 51513 ||| INVOKING Heroism.
 51527 | Depths:3 | Reached XP level 22. HP: 155/155 MP: 2/29
 51700 | Depths:3 | 51700 ||| READING 11 scrolls of teleportation.
 51701 | Depths:3 | 51701 ||| FLEEEEING.
 51708 | Depths:3 | 51708 ||| Stepping ~*~*~tactically~*~*~ (hiding).
 51801 | Depths:3 | 51801 ||| Stepping ~*~*~tactically~*~*~ (stealth).
 51804 | Depths:3 | 51804 ||| INVOKING Heroism.
 51830 | Depths:3 | HP: 32/155 [hell hog/fireball (12)]
 51831 | Depths:3 | 51831 ||| READING 10 scrolls of teleportation.
 51832 | Depths:3 | 51832 ||| DRINKING 3 potions of heal wounds.
 52063 | Depths:3 | Gained mutation: You are weak. (Str -2) [a shining eye]
 52065 | Depths:3 | 52065 ||| INVOKING Heroism.
 52070 | Depths:3 | Gained mutation: You are frail. (-10% HP) [a shining eye]
 52090 | Depths:3 | Reached skill level 15 in Armour
 52091 | Depths:3 | HP: 30/139 [sun demon (6)]
 52092 | Depths:3 | 52092 ||| READING 9 scrolls of teleportation.
 52093 | Depths:3 | 52093 ||| DRINKING 2 potions of heal wounds.
 52302 | Depths:3 | 52302 ||| DRINKING 9 potions of mutation.
 52302 | Depths:3 | Lost mutation: You are frail. (-10% HP) [potion of
                  | mutation]
 52302 | Depths:3 | Lost mutation: You are weak. (Str -2) [potion of mutation]
 52302 | Depths:3 | Gained mutation: You have a pair of small antennae on your
                  | head. [potion of mutation]
 52302 | Depths:3 | Gained mutation: Your flesh is heat resistant. (rF+)
                  | [potion of mutation]
 52302 | Depths:3 | Gained mutation: You are partially covered in iridescent
                  | scales. (AC +2) [potion of mutation]
 52367 | Depths:3 | 52367 ||| Stepping ~*~*~tactically~*~*~ (stealth).
 52371 | Depths:3 | 52371 ||| Stepping ~*~*~tactically~*~*~ (stealth).
 52381 | Depths:3 | 52381 ||| INVOKING Heroism.
 52584 | Depths:3 | 52584 ||| DROPPING +2 helmet.
 52585 | Depths:3 | 52585 ||| INVOKING Heroism.
 52615 | Depths:3 | 52615 ||| DROPPING amulet of regeneration.
 52617 | Depths:3 | 52617 ||| FLEEEEING.
 52619 | Depths:3 | 52619 ||| FLEEEEING.
 52620 | Depths:3 | 52620 ||| FLEEEEING.
 52621 | Depths:3 | 52621 ||| FLEEEEING.
 52627 | Depths:3 | 52627 ||| FLEEEEING.
 52628 | Depths:3 | 52628 ||| FLEEEEING.
 52629 | Depths:3 | 52629 ||| FLEEEEING.
 52635 | Depths:3 | 52635 ||| FLEEEEING.
 52636 | Depths:3 | 52636 ||| FLEEEEING.
 52643 | Depths:3 | 52643 ||| FLEEEEING.
 52644 | Depths:3 | 52644 ||| FLEEEEING.
 52645 | Depths:3 | 52645 ||| FLEEEEING.
 52646 | Depths:3 | 52646 ||| FLEEEEING.
 52647 | Depths:3 | 52647 ||| FLEEEEING.
 52648 | Depths:3 | 52648 ||| FLEEEEING.
 52649 | Depths:3 | 52649 ||| FLEEEEING.
 52650 | Depths:3 | 52650 ||| FLEEEEING.
 52665 | Depths:3 | 52665 ||| FLEEEEING.
 52666 | Depths:3 | 52666 ||| FLEEEEING.
 52667 | Depths:3 | 52667 ||| STAIRDANCE
 52794 | Depths:3 | 52794 ||| Stepping ~*~*~tactically~*~*~ (stealth).
 52797 | Depths:3 | 52797 ||| INVOKING Heroism.
 52798 | Depths:3 | Gained mutation: You are dopey. (Int -2) [a shining eye]
 52802 | Depths:3 | 52802 ||| Stepping ~*~*~tactically~*~*~ (hiding).
 52914 | Depths:3 | 52914 ||| INVOKING Heroism.
 52915 | Depths:3 | 52915 ||| INVOKING Finesse.
 52919 | Depths:3 | Received a gift from Okawaru
 53403 | Depths:4 | Entered Level 4 of the Depths
 53448 | Depths:4 | 53448 ||| INVOKING Heroism.
 53624 | Depths:4 | 53624 ||| Stepping ~*~*~tactically~*~*~ (hiding).
 53628 | Depths:4 | 53628 ||| INVOKING Heroism.
 53629 | Depths:4 | 53629 ||| INVOKING Finesse.
 53753 | Depths:4 | Found a gate to the Realm of Zot.
 53753 | Depths:4 | Noticed a golden dragon
 53754 | Depths:4 | 53754 ||| Stepping ~*~*~tactically~*~*~ (hiding).
 53772 | Depths:4 | 53772 ||| INVOKING Heroism.
 53773 | Depths:4 | 53773 ||| INVOKING Finesse.
 53779 | Depths:4 | Killed a golden dragon
 53947 | Depths:4 | 53947 ||| Stepping ~*~*~tactically~*~*~ (hiding).
 53962 | Depths:4 | 53962 ||| Stepping ~*~*~tactically~*~*~ (cloud).
 54069 | Depths:4 | 54069 ||| Stepping ~*~*~tactically~*~*~ (hiding).
 54159 | Depths:4 | 54159 ||| Stepping ~*~*~tactically~*~*~ (hiding).
 54168 | Depths:4 | 54168 ||| Stepping ~*~*~tactically~*~*~ (stealth).
 54175 | Depths:4 | 54175 ||| Stepping ~*~*~tactically~*~*~ (hiding).
 54268 | Depths:4 | 54268 ||| INVOKING Heroism.
 54278 | Depths:4 | 54278 ||| Stepping ~*~*~tactically~*~*~ (hiding).
 54285 | Depths:4 | Noticed Margery
 54305 | Depths:4 | Identified the +9 arbalest "Qokehuf" {elec, rC+ rCorr
                  | Int+2} (Okawaru gifted it to you on level 4 of the Depths)
 54305 | Depths:4 | Received a gift from Okawaru
 54313 | Depths:4 | Killed Margery
 54622 | Depths:4 | Identified the +1 ring mail of Ashenzari's Vengeance {rF+}
 54625 | Depths:4 | 54625 ||| Stepping ~*~*~tactically~*~*~ (hiding).
 54689 | Depths:4 | Found a one-way gateway to a ziggurat.
 54757 | Depths:4 | 54757 ||| Stepping ~*~*~tactically~*~*~ (hiding).
 55191 | Depths:4 | Found a portal to a secret trove of treasure.
 55263 | Depths:4 | 55263 ||| PLANNING VAULTS:5
 55496 | Vaults:5 | Entered Level 5 of the Vaults
 55497 | Vaults:5 | 55497 ||| INVOKING Heroism.
 55498 | Vaults:5 | 55498 ||| STAIRDANCE
 55647 | Vaults:5 | 55647 ||| STAIRDANCE
 55649 | Vaults:4 | 55649 ||| INVOKING Heroism.
 55825 | Vaults:4 | 55825 ||| UPGRADING to +2 tower shield.
 55835 | Vaults:4 | 55835 ||| DROPPING +0 tower shield.
 55839 | Vaults:5 | 55839 ||| STAIRDANCE
 55841 | Vaults:4 | 55841 ||| INVOKING Heroism.
 55993 | Vaults:4 | 55993 ||| DROPPING +0 ice dragon scales.
 55994 | Vaults:4 | 55994 ||| DROPPING +1 plate armour of cold resistance.
 55998 | Vaults:5 | 55998 ||| STAIRDANCE
 56087 | Vaults:5 | 56087 ||| INVOKING Heroism.
 56093 | Vaults:5 | Received a gift from Okawaru
 56190 | Vaults:5 | 56190 ||| INVOKING Heroism.
 56194 | Vaults:5 | 56194 ||| INVOKING Finesse.
 56278 | Vaults:5 | Found Zenal's Weapon Shop.
 56281 | Vaults:5 | 56281 ||| INVOKING Heroism.
 56303 | Vaults:5 | 56303 ||| Stepping ~*~*~tactically~*~*~ (stealth).
 56328 | Vaults:5 | 56328 ||| Stepping ~*~*~tactically~*~*~ (stealth).
 56370 | Vaults:5 | 56370 ||| Stepping ~*~*~tactically~*~*~ (stealth).
 56485 | Vaults:5 | 56485 ||| INVOKING Heroism.
 56486 | Vaults:5 | 56486 ||| INVOKING Finesse.
 56559 | Vaults:5 | Found Kotoni's Distillery.
 56560 | Vaults:5 | 56560 ||| INVOKING Heroism.
 56560 | Vaults:5 | Found Vaclo's Distillery.
 56561 | Vaults:5 | 56561 ||| INVOKING Finesse.
 56561 | Vaults:5 | Noticed a golden dragon
 56568 | Vaults:5 | Reached skill level 18 in Armour
 56580 | Vaults:5 | Noticed an ancient lich
 56588 | Vaults:5 | Reached XP level 23. HP: 131/160 MP: 0/30
 56595 | Vaults:5 | Killed an ancient lich
 56601 | Vaults:5 | Killed a golden dragon
 56631 | Vaults:5 | 56631 ||| Stepping ~*~*~tactically~*~*~ (stealth).
 56640 | Vaults:5 | 56640 ||| Stepping ~*~*~tactically~*~*~ (hiding).
 56641 | Vaults:5 | 56641 ||| INVOKING Heroism.
 56643 | Vaults:5 | 56643 ||| BUYING potion of attraction (48 gold).
 56643 | Vaults:5 | Bought a potion of attraction for 48 gold pieces
 56643 | Vaults:5 | 56643 ||| BUYING potion of cancellation (128 gold).
 56643 | Vaults:5 | Bought a potion of cancellation for 128 gold pieces
 56643 | Vaults:5 | 56643 ||| BUYING potion of curing (48 gold).
 56643 | Vaults:5 | Bought a potion of curing for 48 gold pieces
 56643 | Vaults:5 | 56643 ||| BUYING potion of heal wounds (80 gold).
 56643 | Vaults:5 | Bought a potion of heal wounds for 80 gold pieces
 56643 | Vaults:5 | 56643 ||| BUYING potion of heal wounds (80 gold).
 56643 | Vaults:5 | Bought a potion of heal wounds for 80 gold pieces
 56643 | Vaults:5 | 56643 ||| BUYING potion of lignification (48 gold).
 56643 | Vaults:5 | Bought a potion of lignification for 48 gold pieces
 56643 | Vaults:5 | 56643 ||| BUYING potion of might (64 gold).
 56643 | Vaults:5 | Bought a potion of might for 64 gold pieces
 56646 | Vaults:5 | 56646 ||| INVOKING Finesse.
 56698 | Vaults:5 | Received a gift from Okawaru
 56716 | Vaults:5 | Identified the +1 ring mail of Attoirou {+Inv}
 56735 | Vaults:5 | Received a gift from Okawaru
 56755 | Vaults:5 | 56755 ||| INVOKING Heroism.
 56830 | Vaults:5 | 56830 ||| INVOKING Heroism.
 57001 | Vaults:5 | 57001 ||| BUYING potion of curing (63 gold).
 57001 | Vaults:5 | Bought a potion of curing for 63 gold pieces
 57001 | Vaults:5 | 57001 ||| BUYING potion of curing (63 gold).
 57001 | Vaults:5 | Bought a potion of curing for 63 gold pieces
 57001 | Vaults:5 | 57001 ||| BUYING potion of haste (210 gold).
 57001 | Vaults:5 | Bought a potion of haste for 210 gold pieces
 57001 | Vaults:5 | 57001 ||| BUYING potion of lignification (63 gold).
 57001 | Vaults:5 | Bought a potion of lignification for 63 gold pieces
 57001 | Vaults:5 | 57001 ||| BUYING potion of might (84 gold).
 57001 | Vaults:5 | Bought a potion of might for 84 gold pieces
 57071 | Vaults:5 | Identified the +9 war axe of Doom {pain, *Corrode rF++}
 57072 | Vaults:5 | 57072 ||| Stepping ~*~*~tactically~*~*~ (hiding).
 57079 | Vaults:5 | 57079 ||| INVOKING Heroism.
 57175 | Vaults:5 | 57175 ||| Stepping ~*~*~tactically~*~*~ (stealth).
 57177 | Vaults:5 | 57177 ||| Stepping ~*~*~tactically~*~*~ (hiding).
 57178 | Vaults:5 | 57178 ||| Stepping ~*~*~tactically~*~*~ (hiding).
 57208 | Vaults:5 | 57208 ||| Stepping ~*~*~tactically~*~*~ (stealth).
 57217 | Vaults:5 | 57217 ||| Stepping ~*~*~tactically~*~*~ (stealth).
 57218 | Vaults:5 | 57218 ||| INVOKING Heroism.
 57219 | Vaults:5 | 57219 ||| INVOKING Finesse.
 57342 | Vaults:5 | 57342 ||| Stepping ~*~*~tactically~*~*~ (hiding).
 57343 | Vaults:5 | 57343 ||| Stepping ~*~*~tactically~*~*~ (hiding).
 57391 | Vaults:5 | 57391 ||| Stepping ~*~*~tactically~*~*~ (stealth).
 57435 | Vaults:5 | 57435 ||| Stepping ~*~*~tactically~*~*~ (hiding).
 57439 | Vaults:5 | 57439 ||| INVOKING Heroism.
 57550 | Vaults:5 | 57550 ||| Stepping ~*~*~tactically~*~*~ (stealth).
 57552 | Vaults:5 | 57552 ||| Stepping ~*~*~tactically~*~*~ (hiding).
 57560 | Vaults:5 | 57560 ||| FLEEEEING.
 57565 | Vaults:5 | 57565 ||| FLEEEEING.
 57623 | Vaults:5 | Identified the +4 leather armour "Tusail" {Fly rN++ rCorr
                  | Stlth+}
 57624 | Vaults:5 | 57624 ||| Stepping ~*~*~tactically~*~*~ (stealth).
 57652 | Vaults:5 | Received a gift from Okawaru
 57663 | Vaults:5 | 57663 ||| Stepping ~*~*~tactically~*~*~ (stealth).
 57672 | Vaults:5 | 57672 ||| Stepping ~*~*~tactically~*~*~ (stealth).
 57673 | Vaults:5 | 57673 ||| INVOKING Heroism.
 57953 | Vaults:5 | 57953 ||| Stepping ~*~*~tactically~*~*~ (hiding).
 57955 | Vaults:5 | 57955 ||| Stepping ~*~*~tactically~*~*~ (hiding).
 57968 | Vaults:5 | 57968 ||| Stepping ~*~*~tactically~*~*~ (hiding).
 57974 | Vaults:5 | 57974 ||| INVOKING Heroism.
 57982 | Vaults:5 | 57982 ||| Stepping ~*~*~tactically~*~*~ (stealth).
 58052 | Vaults:5 | Got a silver rune of Zot
 58085 | Vaults:5 | 58085 ||| INVOKING Heroism.
 58105 | Vaults:5 | 58105 ||| Stepping ~*~*~tactically~*~*~ (hiding).
 58124 | Vaults:5 | Reached skill level 21 in Shields
 58497 | Vaults:5 | 58497 ||| PLANNING SHOPPING SPREE
 58819 | D:3      | 58819 ||| BUYING scroll of enchant armour (105 gold).
 58819 | D:3      | Bought a scroll of enchant armour for 105 gold pieces
 58819 | D:3      | 58819 ||| BUYING scroll of teleportation (42 gold).
 58819 | D:3      | Bought a scroll of teleportation for 42 gold pieces
 58819 | D:3      | 58819 ||| READING scroll of enchant armour.
 58819 | D:3      | 58819 ||| ENCHANTING +5 plate armour of willpower.
 58820 | D:3      | 58820 ||| DROPPING +3 chain mail of fire resistance.
 58821 | D:3      | 58821 ||| DROPPING +0 fire dragon scales.
 58931 | D:7      | 58931 ||| CLEARING SHOPPING LIST
 58931 | D:7      | 58931 ||| PLANNING ZOT:1-4
 58931 | D:7      | 58931 ||| READING 13 scrolls of teleportation.
 58936 | D:7      | 58936 ||| UPGRADING to ring of Wangam {rF+ Dex+5}.
 59246 | Zot:1    | Entered Level 1 of the Realm of Zot
 59266 | Zot:1    | 59266 ||| Stepping ~*~*~tactically~*~*~ (hiding).
 59267 | Zot:1    | 59267 ||| Stepping ~*~*~tactically~*~*~ (hiding).
 59274 | Zot:1    | 59274 ||| INVOKING Heroism.
 59528 | Zot:1    | 59528 ||| Stepping ~*~*~tactically~*~*~ (hiding).
 59860 | Zot:1    | 59860 ||| DROPPING +1 cloak.
 59891 | Zot:2    | 59891 ||| STAIRDANCE
 59908 | Zot:2    | Noticed Vv
 59909 | Zot:2    | 59909 ||| DRINKING 5 potions of resistance.
 59910 | Zot:2    | 59910 ||| INVOKING Heroism.
 59911 | Zot:2    | 59911 ||| INVOKING Finesse.
 59927 | Zot:2    | 59927 ||| STAIRDANCE
 59945 | Zot:1    | Killed Vv
 60127 | Zot:2    | Noticed a golden dragon
 60128 | Zot:2    | 60128 ||| INVOKING Heroism.
 60129 | Zot:2    | 60129 ||| INVOKING Finesse.
 60140 | Zot:2    | Killed a golden dragon
 60215 | Zot:2    | 60215 ||| INVOKING Heroism.
 60216 | Zot:2    | 60216 ||| INVOKING Finesse.
 60221 | Zot:2    | Reached skill level 12 in Throwing
 60226 | Zot:2    | Noticed a golden dragon
 60227 | Zot:2    | 60227 ||| Stepping ~*~*~tactically~*~*~ (stealth).
 60229 | Zot:2    | 60229 ||| Stepping ~*~*~tactically~*~*~ (stealth).
 60238 | Zot:2    | 60238 ||| Stepping ~*~*~tactically~*~*~ (stealth).
 60239 | Zot:2    | 60239 ||| Stepping ~*~*~tactically~*~*~ (stealth).
 60240 | Zot:2    | 60240 ||| Stepping ~*~*~tactically~*~*~ (stealth).
 60243 | Zot:2    | 60243 ||| Stepping ~*~*~tactically~*~*~ (stealth).
 60260 | Zot:2    | 60260 ||| Stepping ~*~*~tactically~*~*~ (stealth).
 60261 | Zot:2    | 60261 ||| Stepping ~*~*~tactically~*~*~ (stealth).
 60265 | Zot:2    | 60265 ||| Stepping ~*~*~tactically~*~*~ (stealth).
 60271 | Zot:2    | 60271 ||| INVOKING Heroism.
 60278 | Zot:2    | Killed a golden dragon
 60375 | Zot:2    | Found a runed translucent door.
 60379 | Zot:2    | Noticed Juzit's ghost (legendary GnFi)
 60526 | Zot:2    | 60526 ||| Stepping ~*~*~tactically~*~*~ (stealth).
 60530 | Zot:2    | 60530 ||| Stepping ~*~*~tactically~*~*~ (stealth).
 60531 | Zot:2    | 60531 ||| Stepping ~*~*~tactically~*~*~ (stealth).
 60533 | Zot:2    | 60533 ||| INVOKING Heroism.
 60536 | Zot:2    | 60536 ||| INVOKING Finesse.
 60810 | Zot:2    | Received a gift from Okawaru
 60914 | Zot:2    | 60914 ||| INVOKING Heroism.
 61166 | Zot:3    | 61166 ||| Stepping ~*~*~tactically~*~*~ (hiding).
 61170 | Zot:3    | 61170 ||| INVOKING Heroism.
 61170 | Zot:3    | Noticed a golden dragon
 61177 | Zot:3    | Killed a golden dragon
 61254 | Zot:3    | 61254 ||| INVOKING Heroism.
 61277 | Zot:3    | Received a gift from Okawaru
 61339 | Zot:3    | 61339 ||| INVOKING Heroism.
 61587 | Zot:3    | 61587 ||| Stepping ~*~*~tactically~*~*~ (hiding).
 61589 | Zot:3    | 61589 ||| INVOKING Heroism.
 61680 | Zot:3    | 61680 ||| Stepping ~*~*~tactically~*~*~ (stealth).
 61793 | Zot:3    | Noticed a curse toe
 61794 | Zot:3    | 61794 ||| INVOKING Heroism.
 61800 | Zot:3    | Killed a curse toe
 61927 | Zot:3    | 61927 ||| Stepping ~*~*~tactically~*~*~ (hiding).
 61931 | Zot:3    | 61931 ||| INVOKING Heroism.
 61955 | Zot:3    | Reached XP level 24. HP: 160/166 MP: 14/30
 62086 | Zot:3    | 62086 ||| Stepping ~*~*~tactically~*~*~ (stealth).
 62176 | Zot:3    | 62176 ||| Stepping ~*~*~tactically~*~*~ (hiding).
 62181 | Zot:3    | 62181 ||| INVOKING Heroism.
 62201 | Zot:3    | 62201 ||| Stepping ~*~*~tactically~*~*~ (hiding).
 62202 | Zot:3    | 62202 ||| Stepping ~*~*~tactically~*~*~ (hiding).
 62336 | Zot:3    | 62336 ||| Stepping ~*~*~tactically~*~*~ (hiding).
 62337 | Zot:3    | 62337 ||| Stepping ~*~*~tactically~*~*~ (hiding).
 62339 | Zot:3    | 62339 ||| INVOKING Heroism.
 62418 | Zot:3    | 62418 ||| INVOKING Heroism.
 62449 | Zot:3    | HP: 30/168 [black draconian knight/shard of ice[a yellow
                  | draconian annihilator] (21)]
 62450 | Zot:3    | 62450 ||| READING 14 scrolls of teleportation.
 62451 | Zot:3    | 62451 ||| DRINKING 6 potions of heal wounds.
 62457 | Zot:3    | HP: 27/168 [black draconian knight/+3 long sword of
                  | draining[a yellow draconian annihilator] (16)]
 62458 | Zot:3    | 62458 ||| DRINKING 5 potions of heal wounds.
 62462 | Zot:3    | 62462 ||| DRINKING 4 potions of heal wounds.
 62681 | Zot:3    | 62681 ||| Stepping ~*~*~tactically~*~*~ (stealth).
 62682 | Zot:3    | 62682 ||| Stepping ~*~*~tactically~*~*~ (stealth).
 62807 | Zot:3    | 62807 ||| INVOKING Heroism.
 63281 | Zot:4    | Noticed an orb of fire
 63282 | Zot:4    | 63282 ||| INVOKING Heroism.
 63283 | Zot:4    | 63283 ||| INVOKING Finesse.
 63293 | Zot:4    | Killed an orb of fire
 63312 | Zot:4    | 63312 ||| Stepping ~*~*~tactically~*~*~ (stealth).
 63585 | Zot:4    | Identified the +6 short sword of the Median {freeze, Str+2}
 63671 | Zot:4    | Received a gift from Okawaru
 63672 | Zot:4    | 63672 ||| Stepping ~*~*~tactically~*~*~ (hiding).
 63998 | Zot:4    | Noticed a curse toe
 63999 | Zot:4    | 63999 ||| INVOKING Heroism.
 64009 | Zot:4    | Killed a curse toe
 64102 | Zot:4    | 64102 ||| INVOKING Heroism.
 64132 | Zot:4    | HP: 38/168 [black draconian/bolt of lightning[a green
                  | draconian monk] (11)]
 64133 | Zot:4    | 64133 ||| READING 13 scrolls of teleportation.
 64134 | Zot:4    | 64134 ||| DRINKING 3 potions of heal wounds.
 64363 | Zot:4    | Noticed an orb of fire
 64363 | Zot:4    | Gained mutation: You sometimes lose your temper in combat.
                  | [an orb of fire]
 64364 | Zot:4    | 64364 ||| INVOKING Heroism.
 64364 | Zot:4    | Gained mutation: Your spells are a little easier to cast,
                  | but a little less powerful. [an orb of fire]
 64365 | Zot:4    | 64365 ||| INVOKING Finesse.
 64377 | Zot:4    | Killed an orb of fire
 64398 | Zot:4    | 64398 ||| DRINKING 8 potions of mutation.
 64398 | Zot:4    | Lost mutation: You are dopey. (Int -2) [potion of mutation]
 64398 | Zot:4    | Lost mutation: You sometimes lose your temper in combat.
                  | [potion of mutation]
 64398 | Zot:4    | Gained mutation: You occasionally shout uncontrollably at
                  | your foes. [potion of mutation]
 64597 | Zot:4    | 64597 ||| PLANNING THE SHINING ONE WORSHIP
 64597 | Zot:4    | 64597 ||| UPGRADING to +4 ring of evasion.
 65001 | Temple   | Fell from the grace of Okawaru
 65001 | Temple   | Became a worshipper of the Shining One
 65002 | Temple   | 65002 ||| PLANNING CRYPT
 65002 | Temple   | 65002 ||| DROPPING +9 war axe of Doom {pain, *Corrode
                  | rF++}.
 65242 | Crypt:1  | Entered Level 1 of the Crypt
 65262 | Crypt:1  | 65262 ||| Stepping ~*~*~tactically~*~*~ (hiding).
 65305 | Crypt:1  | Found an ancient bone altar of Kikubaaqudgha.
 65316 | Crypt:1  | 65316 ||| Stepping ~*~*~tactically~*~*~ (hiding).
 65586 | Crypt:1  | Reached * piety under the Shining One
 65690 | Crypt:1  | 65690 ||| Stepping ~*~*~tactically~*~*~ (stealth).
 65807 | Crypt:1  | 65807 ||| Stepping ~*~*~tactically~*~*~ (stealth).
 65814 | Crypt:1  | Reached ** piety under the Shining One
 65818 | Crypt:1  | Found a transporter.
 65840 | Crypt:1  | Reached skill level 11 in Invocations
 65863 | Crypt:1  | 65863 ||| Stepping ~*~*~tactically~*~*~ (stealth).
 66121 | Crypt:1  | Found a transporter.
 66272 | Crypt:1  | 66272 ||| Stepping ~*~*~tactically~*~*~ (stealth).
 66273 | Crypt:1  | 66273 ||| Stepping ~*~*~tactically~*~*~ (stealth).
 66275 | Crypt:1  | Reached *** piety under the Shining One
 66788 | Crypt:2  | 66788 ||| Stepping ~*~*~tactically~*~*~ (stealth).
 66800 | Crypt:2  | Reached skill level 12 in Invocations
 66803 | Crypt:2  | Reached **** piety under the Shining One
 67191 | Crypt:2  | 67191 ||| INVOKING Cleansing Flame.
 67504 | Crypt:2  | 67504 ||| INVOKING Cleansing Flame.
 67533 | Crypt:2  | Reached skill level 13 in Invocations
 67815 | Crypt:2  | 67815 ||| DROPPING +2 pair of gloves of stealth.
 67870 | Crypt:3  | Entered Level 3 of the Crypt
 67882 | Crypt:3  | 67882 ||| Stepping ~*~*~tactically~*~*~ (hiding).
 68001 | Crypt:3  | Reached ***** piety under the Shining One
 68322 | Crypt:3  | 68322 ||| Stepping ~*~*~tactically~*~*~ (stealth).
 68490 | Crypt:3  | Reached ****** piety under the Shining One
 68492 | Crypt:3  | 68492 ||| Stepping ~*~*~tactically~*~*~ (stealth).
 68502 | Crypt:3  | 68502 ||| INVOKING Brand Weapon With Holy Wrath.
 68502 | Crypt:3  | Identified a +5 broad axe of holy wrath (a +3 broad axe of
                  | freezing blessed by the Shining One)
 68502 | Crypt:3  | Received a gift from the Shining One
 68589 | Crypt:3  | Reached skill level 14 in Invocations
 68864 | Crypt:3  | Found a staircase to the Tomb.
 68866 | Crypt:3  | 68866 ||| INVOKING Cleansing Flame.
 68888 | Crypt:3  | 68888 ||| Stepping ~*~*~tactically~*~*~ (stealth).
 68900 | Crypt:3  | 68900 ||| Stepping ~*~*~tactically~*~*~ (stealth).
 68980 | Crypt:3  | 68980 ||| Stepping ~*~*~tactically~*~*~ (stealth).
 68988 | Crypt:3  | Reached XP level 25. HP: 173/173 MP: 33/33
 68988 | Crypt:3  | 68988 ||| Stepping ~*~*~tactically~*~*~ (stealth).
 69067 | Crypt:3  | 69067 ||| READING 14 scrolls of teleportation.
 69068 | Crypt:3  | 69068 ||| Stepping ~*~*~tactically~*~*~ (stealth).
 69069 | Crypt:3  | 69069 ||| FLEEEEING.
 69074 | Crypt:3  | 69074 ||| Stepping ~*~*~tactically~*~*~ (stealth).
 69084 | Crypt:3  | 69084 ||| Stepping ~*~*~tactically~*~*~ (stealth).
 69086 | Crypt:3  | 69086 ||| Stepping ~*~*~tactically~*~*~ (stealth).
 69088 | Crypt:3  | 69088 ||| Stepping ~*~*~tactically~*~*~ (stealth).
 69090 | Crypt:3  | 69090 ||| Stepping ~*~*~tactically~*~*~ (stealth).
 69092 | Crypt:3  | 69092 ||| Stepping ~*~*~tactically~*~*~ (stealth).
 69094 | Crypt:3  | 69094 ||| Stepping ~*~*~tactically~*~*~ (stealth).
 69096 | Crypt:3  | 69096 ||| Stepping ~*~*~tactically~*~*~ (stealth).
 69098 | Crypt:3  | 69098 ||| Stepping ~*~*~tactically~*~*~ (stealth).
 69100 | Crypt:3  | 69100 ||| Stepping ~*~*~tactically~*~*~ (stealth).
 69102 | Crypt:3  | 69102 ||| Stepping ~*~*~tactically~*~*~ (stealth).
 69104 | Crypt:3  | 69104 ||| Stepping ~*~*~tactically~*~*~ (stealth).
 69106 | Crypt:3  | 69106 ||| Stepping ~*~*~tactically~*~*~ (stealth).
 69176 | Crypt:3  | 69176 ||| Stepping ~*~*~tactically~*~*~ (stealth).
 69202 | Crypt:3  | 69202 ||| INVOKING Cleansing Flame.
 69278 | Crypt:3  | Identified the ring of Sunk {rElec Int+4 SInv Stlth+}
 69794 | Crypt:3  | 69794 ||| INVOKING Summon Divine Warrior.
 69804 | Crypt:3  | Reached skill level 15 in Invocations
 69974 | Crypt:3  | 69974 ||| DROPPING +1 pair of boots of rampaging.
 69975 | Crypt:3  | 69975 ||| DROPPING ring of Sunk {rElec Int+4 SInv Stlth+}.
 70036 | Crypt:3  | Found a basalt altar of Yredelemnul.
 70876 | Crypt:3  | Reached skill level 16 in Invocations
 70886 | Crypt:3  | 70886 ||| PLANNING TOMB
 70886 | Crypt:3  | 70886 ||| SWAPPING to +5 broad axe of holy wrath.
 70887 | Crypt:3  | 70887 ||| READING 3 scrolls of enchant weapon.
 70887 | Crypt:3  | 70887 ||| ENCHANTING +5 broad axe of holy wrath.
 70888 | Crypt:3  | 70888 ||| READING 2 scrolls of enchant weapon.
 70888 | Crypt:3  | 70888 ||| ENCHANTING +6 broad axe of holy wrath.
 70889 | Crypt:3  | 70889 ||| READING scroll of enchant weapon.
 70889 | Crypt:3  | 70889 ||| ENCHANTING +7 broad axe of holy wrath.
 70916 | Tomb:1   | Entered Level 1 of the Tomb of the Ancients
 71125 | Tomb:1   | Noticed a royal mummy
 71126 | Tomb:1   | 71126 ||| INVOKING Summon Divine Warrior.
 71132 | Tomb:1   | 71132 ||| DRINKING 7 potions of magic.
 71133 | Tomb:1   | 71133 ||| INVOKING Cleansing Flame.
 71134 | Tomb:1   | 71134 ||| INVOKING Cleansing Flame.
 71135 | Tomb:1   | 71135 ||| INVOKING Cleansing Flame.
 71139 | Tomb:1   | Killed a royal mummy
 71140 | Tomb:1   | Reached skill level 17 in Invocations
 71147 | Tomb:1   | 71147 ||| INVOKING Cleansing Flame.
 71155 | Tomb:1   | Noticed a royal mummy
 71156 | Tomb:1   | 71156 ||| INVOKING Summon Divine Warrior.
 71158 | Tomb:1   | Noticed a royal mummy
 71161 | Tomb:1   | 71161 ||| DRINKING 6 potions of magic.
 71162 | Tomb:1   | 71162 ||| INVOKING Cleansing Flame.
 71163 | Tomb:1   | 71163 ||| INVOKING Cleansing Flame.
 71167 | Tomb:1   | 71167 ||| INVOKING Summon Divine Warrior.
 71167 | Tomb:1   | HP: 37/173 [royal mummy/divine providence (11)]
 71168 | Tomb:1   | 71168 ||| READING 13 scrolls of teleportation.
 71168 | Tomb:1   | HP: 17/173 [royal mummy/divine providence (10)]
 71169 | Tomb:1   | 71169 ||| DRINKING 4 potions of heal wounds.
 71170 | Tomb:1   | 71170 ||| DRINKING 3 potions of heal wounds.
 71172 | Tomb:1   | 71172 ||| INVOKING Summon Divine Warrior.
 71455 | Tomb:1   | 71455 ||| Stepping ~*~*~tactically~*~*~ (stealth).
 71458 | Tomb:1   | 71458 ||| Stepping ~*~*~tactically~*~*~ (stealth).
 71462 | Tomb:1   | 71462 ||| INVOKING Cleansing Flame.
 71463 | Tomb:1   | 71463 ||| INVOKING Cleansing Flame.
 71520 | Tomb:1   | 71520 ||| INVOKING Summon Divine Warrior.
 71526 | Tomb:1   | Killed a royal mummy
 71527 | Tomb:1   | 71527 ||| INVOKING Cleansing Flame.
 71530 | Tomb:1   | Reached skill level 18 in Invocations
 71933 | Tomb:1   | 71933 ||| INVOKING Cleansing Flame.
 71934 | Tomb:1   | 71934 ||| INVOKING Cleansing Flame.
 71935 | Tomb:1   | 71935 ||| INVOKING Cleansing Flame.
 72037 | Tomb:1   | Identified the +1 robe of Vehumet's Benevolence {rN+}
 72184 | Tomb:1   | 72184 ||| INVOKING Cleansing Flame.
 72187 | Tomb:1   | 72187 ||| INVOKING Summon Divine Warrior.
 72190 | Tomb:1   | 72190 ||| INVOKING Cleansing Flame.
 72191 | Tomb:1   | 72191 ||| INVOKING Cleansing Flame.
 72192 | Tomb:1   | 72192 ||| INVOKING Cleansing Flame.
 72193 | Tomb:1   | 72193 ||| INVOKING Cleansing Flame.
 72193 | Tomb:1   | Killed a royal mummy
 72453 | Tomb:1   | Gained mutation: You are weak. (Str -2) [mutagenic glow]
 72457 | Tomb:2   | 72457 ||| DRINKING 5 potions of haste.
 72458 | Tomb:2   | 72458 ||| DRINKING 9 potions of attraction.
 72460 | Tomb:2   | 72460 ||| INVOKING Cleansing Flame.
 72460 | Tomb:2   | Noticed a royal mummy
 72461 | Tomb:2   | 72461 ||| INVOKING Summon Divine Warrior.
 72461 | Tomb:2   | Noticed a royal mummy
 72461 | Tomb:2   | Noticed a royal mummy
 72461 | Tomb:2   | Noticed a royal mummy
 72463 | Tomb:2   | 72463 ||| INVOKING Cleansing Flame.
 72463 | Tomb:2   | Noticed a royal mummy
 72466 | Tomb:2   | 72466 ||| INVOKING Cleansing Flame.
 72466 | Tomb:2   | Killed a royal mummy
 72466 | Tomb:2   | Killed a royal mummy
 72467 | Tomb:2   | Gained mutation: You are dopey. (Int -2) [mutagenic glow]
 72470 | Tomb:2   | 72470 ||| INVOKING Cleansing Flame.
 72470 | Tomb:2   | Killed a royal mummy
 72471 | Tomb:2   | Reached skill level 19 in Invocations
 72471 | Tomb:2   | 72471 ||| INVOKING Cleansing Flame.
 72471 | Tomb:2   | Killed a royal mummy
 72471 | Tomb:2   | Killed a royal mummy
 72481 | Tomb:2   | 72481 ||| DRINKING 5 potions of magic.
 72482 | Tomb:2   | 72482 ||| INVOKING Summon Divine Warrior.
 72490 | Tomb:2   | 72490 ||| DRINKING 4 potions of magic.
 72491 | Tomb:2   | 72491 ||| INVOKING Cleansing Flame.
 72493 | Tomb:2   | 72493 ||| INVOKING Cleansing Flame.
 72498 | Tomb:2   | Gained mutation: You are very dopey. (Int -4) [mutagenic
                  | glow]
 72522 | Tomb:2   | Gained mutation: You occasionally lose the ability to drink
                  | potions when taking damage. [mutagenic glow]
 72534 | Tomb:2   | Gained mutation: You occasionally lose the ability to read
                  | scrolls when taking damage. [mutagenic glow]
 72536 | Tomb:2   | 72536 ||| INVOKING Cleansing Flame.
 72549 | Tomb:2   | Gained mutation: You frequently scream uncontrollably at
                  | your foes. [mutagenic glow]
 72607 | Tomb:2   | HP: 41/173 [white draconian/blast of cold[the fury of
                  | Okawaru] (31)]
 72608 | Tomb:2   | 72608 ||| READING 12 scrolls of teleportation.
 72666 | Tomb:2   | 72666 ||| INVOKING Cleansing Flame.
 72667 | Tomb:2   | 72667 ||| INVOKING Cleansing Flame.
 72798 | Tomb:2   | 72798 ||| INVOKING Cleansing Flame.
 72845 | Tomb:2   | 72845 ||| DRINKING 7 potions of mutation.
 72845 | Tomb:2   | Lost mutation: You occasionally lose the ability to read
                  | scrolls when taking damage. [potion of mutation]
 72845 | Tomb:2   | Lost mutation: You are very dopey. (Int -4) [potion of
                  | mutation]
 72845 | Tomb:2   | Gained mutation: You have an increased reservoir of magic.
                  | (+10% MP) [potion of mutation]
 72846 | Tomb:2   | 72846 ||| DRINKING 6 potions of mutation.
 72846 | Tomb:2   | Lost mutation: You have an increased reservoir of magic.
                  | (+10% MP) [potion of mutation]
 72846 | Tomb:2   | Lost mutation: You frequently scream uncontrollably at your
                  | foes. [potion of mutation]
 72847 | Tomb:2   | 72847 ||| DRINKING 5 potions of mutation.
 72847 | Tomb:2   | Lost mutation: Your spells are a little easier to cast, but
                  | a little less powerful. [potion of mutation]
 72847 | Tomb:2   | Lost mutation: You have a pair of small antennae on your
                  | head. [potion of mutation]
 72847 | Tomb:2   | Lost mutation: You occasionally lose the ability to drink
                  | potions when taking damage. [potion of mutation]
 72847 | Tomb:2   | Gained mutation: Your magical capacity is low. (-10% MP)
                  | [potion of mutation]
 73124 | Tomb:2   | Was forgiven by Okawaru
 73526 | Tomb:1   | Noticed a royal mummy
 73526 | Tomb:1   | Noticed a royal mummy
 73526 | Tomb:1   | Noticed a royal mummy
 73526 | Tomb:1   | Noticed a royal mummy
 73527 | Tomb:1   | 73527 ||| INVOKING Summon Divine Warrior.
 73528 | Tomb:1   | 73528 ||| INVOKING Summon Divine Warrior.
 73529 | Tomb:1   | 73529 ||| INVOKING Summon Divine Warrior.
 73530 | Tomb:1   | 73530 ||| INVOKING Summon Divine Warrior.
 73531 | Tomb:1   | 73531 ||| DRINKING 3 potions of magic.
 73532 | Tomb:1   | 73532 ||| INVOKING Summon Divine Warrior.
 73533 | Tomb:1   | 73533 ||| INVOKING Summon Divine Warrior.
 73534 | Tomb:1   | 73534 ||| INVOKING Summon Divine Warrior.
 73535 | Tomb:1   | 73535 ||| DRINKING 2 potions of magic.
 73536 | Tomb:1   | 73536 ||| INVOKING Summon Divine Warrior.
 73544 | Tomb:1   | Killed a royal mummy
 73546 | Tomb:1   | Killed a royal mummy
 73547 | Tomb:1   | Reached skill level 20 in Invocations
 73551 | Tomb:1   | Killed a royal mummy
 73552 | Tomb:1   | Reached XP level 26. HP: 62/179 MP: 5/33
 73552 | Tomb:1   | 73552 ||| INVOKING Cleansing Flame.
 73556 | Tomb:1   | Noticed a royal mummy
 73557 | Tomb:1   | HP: 36/179 [royal mummy (12)]
 73558 | Tomb:1   | 73558 ||| READING 11 scrolls of teleportation.
 73559 | Tomb:1   | 73559 ||| DRINKING 2 potions of heal wounds.
 74045 | Tomb:1   | Noticed a royal mummy
 74046 | Tomb:1   | 74046 ||| Stepping ~*~*~tactically~*~*~ (stealth).
 74047 | Tomb:1   | 74047 ||| INVOKING Cleansing Flame.
 74048 | Tomb:1   | 74048 ||| INVOKING Cleansing Flame.
 74049 | Tomb:1   | 74049 ||| INVOKING Cleansing Flame.
 74050 | Tomb:1   | 74050 ||| INVOKING Cleansing Flame.
 74050 | Tomb:1   | Killed a royal mummy
 74059 | Tomb:1   | Killed a royal mummy
 74059 | Tomb:1   | Noticed a royal mummy
 74060 | Tomb:1   | 74060 ||| INVOKING Cleansing Flame.
 74061 | Tomb:1   | 74061 ||| INVOKING Cleansing Flame.
 74062 | Tomb:1   | 74062 ||| INVOKING Cleansing Flame.
 74063 | Tomb:1   | 74063 ||| DRINKING potion of magic.
 74067 | Tomb:1   | Killed a royal mummy
 74075 | Tomb:1   | Killed a royal mummy
 74160 | Tomb:1   | Noticed a royal mummy
 74161 | Tomb:1   | 74161 ||| Stepping ~*~*~tactically~*~*~ (hiding).
 74165 | Tomb:1   | 74165 ||| INVOKING Cleansing Flame.
 74166 | Tomb:1   | 74166 ||| INVOKING Cleansing Flame.
 74167 | Tomb:1   | 74167 ||| INVOKING Cleansing Flame.
 74168 | Tomb:1   | 74168 ||| INVOKING Cleansing Flame.
 74170 | Tomb:1   | Killed a royal mummy
 74270 | Tomb:1   | Noticed a royal mummy
 74271 | Tomb:1   | 74271 ||| Stepping ~*~*~tactically~*~*~ (hiding).
 74280 | Tomb:1   | 74280 ||| INVOKING Cleansing Flame.
 74281 | Tomb:1   | 74281 ||| INVOKING Cleansing Flame.
 74282 | Tomb:1   | 74282 ||| INVOKING Cleansing Flame.
 74283 | Tomb:1   | 74283 ||| INVOKING Cleansing Flame.
 74283 | Tomb:1   | Killed a royal mummy
 74430 | Tomb:1   | 74430 ||| Stepping ~*~*~tactically~*~*~ (hiding).
 74453 | Tomb:1   | Noticed a royal mummy
 74459 | Tomb:1   | Noticed a royal mummy
 74468 | Tomb:1   | Killed a royal mummy
 74470 | Tomb:1   | 74470 ||| INVOKING Cleansing Flame.
 74471 | Tomb:1   | 74471 ||| INVOKING Cleansing Flame.
 74476 | Tomb:1   | Killed a royal mummy
 74477 | Tomb:1   | Reached skill level 21 in Invocations
 74646 | Tomb:1   | Noticed a royal mummy
 74649 | Tomb:1   | Noticed a royal mummy
 74649 | Tomb:1   | Noticed a royal mummy
 74657 | Tomb:1   | Noticed a royal mummy
 74660 | Tomb:1   | Killed a royal mummy
 74661 | Tomb:1   | 74661 ||| INVOKING Cleansing Flame.
 74662 | Tomb:1   | 74662 ||| INVOKING Cleansing Flame.
 74664 | Tomb:1   | Noticed a royal mummy
 74664 | Tomb:1   | HP: 43/179 [??? (9)]
 74665 | Tomb:1   | 74665 ||| READING 10 scrolls of teleportation.
 74666 | Tomb:1   | 74666 ||| DRINKING potion of heal wounds.
 74684 | Tomb:1   | HP: 44/179 [??? (10)]
 74685 | Tomb:1   | 74685 ||| READING 9 scrolls of teleportation.
 75053 | Tomb:2   | Gained mutation: You sometimes lose your temper in combat.
                  | [mutagenic glow]
 75054 | Tomb:2   | 75054 ||| DRINKING 4 potions of mutation.
 75054 | Tomb:2   | Lost mutation: You are weak. (Str -2) [potion of mutation]
 75054 | Tomb:2   | Lost mutation: You are partially covered in iridescent
                  | scales. (AC +2) [potion of mutation]
 75054 | Tomb:2   | Lost mutation: Your flesh is heat resistant. (rF+) [potion
                  | of mutation]
 75054 | Tomb:2   | Gained mutation: Armour fits poorly on your strangely
                  | shaped body. [potion of mutation]
 75054 | Tomb:2   | Gained mutation: Your spells are a little easier to cast,
                  | but a little less powerful. [potion of mutation]
 75054 | Tomb:2   | Gained mutation: Your flesh is cold resistant. (rC+)
                  | [potion of mutation]
 75055 | Tomb:2   | 75055 ||| DRINKING 3 potions of mutation.
 75055 | Tomb:2   | Lost mutation: Your magical capacity is low. (-10% MP)
                  | [potion of mutation]
 75055 | Tomb:2   | Lost mutation: You sometimes lose your temper in combat.
                  | [potion of mutation]
 75055 | Tomb:2   | Gained mutation: You are agile. (Dex +4, Str/Int -1)
                  | [potion of mutation]
 75055 | Tomb:2   | Lost mutation: You are dopey. (Int -2) [potion of mutation]
 75055 | Tomb:2   | Gained mutation: You are robust. (+10% HP) [potion of
                  | mutation]
 75087 | Tomb:2   | 75087 ||| DRINKING 2 potions of mutation.
 75087 | Tomb:2   | Lost mutation: You occasionally shout uncontrollably at
                  | your foes. [potion of mutation]
 75087 | Tomb:2   | Lost mutation: Armour fits poorly on your strangely shaped
                  | body. [potion of mutation]
 75087 | Tomb:2   | Lost mutation: You are robust. (+10% HP) [potion of
                  | mutation]
 75087 | Tomb:2   | Gained mutation: You are strong-willed. (Will+) [potion of
                  | mutation]
 75087 | Tomb:2   | Gained mutation: You are very agile. (Dex +8, Str/Int -2)
                  | [potion of mutation]
 75101 | Tomb:2   | Gained mutation: You have hidden genetic defects.
                  | [mutagenic glow]
 75142 | Tomb:1   | 75142 ||| Stepping ~*~*~tactically~*~*~ (hiding).
 75146 | Tomb:1   | 75146 ||| INVOKING Cleansing Flame.
 75155 | Tomb:1   | Killed a royal mummy
 75207 | Tomb:1   | 75207 ||| Stepping ~*~*~tactically~*~*~ (hiding).
 75210 | Tomb:1   | 75210 ||| INVOKING Cleansing Flame.
 75211 | Tomb:1   | 75211 ||| INVOKING Cleansing Flame.
 75212 | Tomb:1   | 75212 ||| INVOKING Cleansing Flame.
 75214 | Tomb:1   | Killed a royal mummy
 75350 | Tomb:1   | Killed a royal mummy
 75355 | Tomb:1   | 75355 ||| INVOKING Cleansing Flame.
 75359 | Tomb:1   | Killed a royal mummy
 75562 | Tomb:1   | Noticed a royal mummy
 75568 | Tomb:1   | Noticed a royal mummy
 75572 | Tomb:1   | Killed a royal mummy
 75576 | Tomb:1   | 75576 ||| INVOKING Cleansing Flame.
 75577 | Tomb:1   | 75577 ||| INVOKING Cleansing Flame.
 75578 | Tomb:1   | 75578 ||| INVOKING Cleansing Flame.
 75579 | Tomb:1   | 75579 ||| INVOKING Cleansing Flame.
 75579 | Tomb:1   | Killed a royal mummy
 75847 | Tomb:1   | 75847 ||| Stepping ~*~*~tactically~*~*~ (hiding).
 76272 | Tomb:2   | Noticed Mennas
 76291 | Tomb:2   | Reached skill level 22 in Invocations
 76309 | Tomb:2   | HP: 41/176 [Mennas/+5 eudemon blade of holy wrath (18)]
 76314 | Tomb:2   | 76314 ||| READING 8 scrolls of teleportation.
 76902 | Tomb:2   | Killed Mennas
 77073 | Tomb:3   | Entered Level 3 of the Tomb of the Ancients
 77074 | Tomb:3   | 77074 ||| DRINKING 4 potions of haste.
 77075 | Tomb:3   | 77075 ||| DRINKING 8 potions of attraction.
 77079 | Tomb:3   | 77079 ||| INVOKING Cleansing Flame.
 77080 | Tomb:3   | 77080 ||| INVOKING Cleansing Flame.
 77081 | Tomb:3   | 77081 ||| INVOKING Cleansing Flame.
 77082 | Tomb:3   | Gained mutation: You occasionally lose the ability to drink
                  | potions when taking damage. [hidden defects]
 77084 | Tomb:3   | 77084 ||| INVOKING Cleansing Flame.
 77085 | Tomb:3   | 77085 ||| INVOKING Summon Divine Warrior.
 77088 | Tomb:3   | Reached skill level 23 in Invocations
 77091 | Tomb:3   | 77091 ||| INVOKING Cleansing Flame.
 77093 | Tomb:3   | 77093 ||| INVOKING Cleansing Flame.
 77097 | Tomb:3   | 77097 ||| INVOKING Cleansing Flame.
 77112 | Tomb:3   | Noticed a royal mummy
 77112 | Tomb:3   | Noticed a royal mummy
 77113 | Tomb:3   | Noticed a royal mummy
 77119 | Tomb:3   | Noticed a royal mummy
 77121 | Tomb:3   | Killed a royal mummy
 77123 | Tomb:3   | Killed a royal mummy
 77126 | Tomb:3   | Noticed a royal mummy
 77126 | Tomb:3   | Noticed a royal mummy
 77126 | Tomb:3   | Noticed a royal mummy
 77128 | Tomb:3   | Noticed a royal mummy
 77131 | Tomb:3   | HP: 41/179 [??? (8)]
 77131 | Tomb:3   | Noticed a royal mummy
 77132 | Tomb:3   | 77132 ||| READING 8 scrolls of teleportation.
 77133 | Tomb:3   | Killed a royal mummy
 77133 | Tomb:3   | HP: 13/179 [mummy priest/divine providence (15)]
 77136 | Tomb:3   | 77136 ||| READING 7 scrolls of teleportation.
 77137 | Tomb:3   | Gained mutation: You sometimes lose your temper in combat.
                  | [hidden defects]
 77137 | Tomb:3   | Lost mutation: You have hidden genetic defects. [hidden
                  | defects expressed]
 77138 | Tomb:3   | 77138 ||| READING 6 scrolls of teleportation.
 77139 | Tomb:3   | HP: 3/179 [death scarab[a royal mummy] (12)]
 77139 | Tomb:3   | The Shining One protects you from harm!
 77142 | Tomb:3   | 77142 ||| READING 5 scrolls of teleportation.
 77168 | Tomb:3   | 77168 ||| Stepping ~*~*~tactically~*~*~ (stealth).
 77170 | Tomb:3   | 77170 ||| READING 4 scrolls of teleportation.
 77176 | Tomb:3   | HP: 36/268 [??? (6)]
 77181 | Tomb:3   | Reached skill level 24 in Invocations
 77183 | Tomb:3   | Killed a royal mummy
 77183 | Tomb:3   | HP: 51/268 [torment (10)]
 77189 | Tomb:3   | HP: 28/268 [??? (5)]
 77193 | Tomb:3   | HP: 10/268 [emperor scorpion[a royal mummy] (9)]
 77199 | Tomb:3   | HP: 6/179 [emperor scorpion[a royal mummy] (4)]
 77200 | Tomb:3   | 77200 ||| READING 3 scrolls of teleportation.
 77200 | Tomb:3   | The Shining One protects you from harm!
 77203 | Tomb:3   | Killed from afar by a mummy priest

Levels and vault maps discovered:
D:1:      scummos_arrival_simple_fountains, layout_loops_cross
D:2:      layout_loops_ring, chequers_serial_rivers_marsh
D:3:      layout_rooms, nicolae_ru_the_path_less_chosen,
          mainiacjoe_overflow_small_starburst,
          hellmonk_ecumenical_altar_pennies_from_heaven, serial_shops, shop,
          due_unseen_surprise
D:4:      layout_cave_pods, dancing_weapons_uskayaw,
          gammafunk_temple_overflow_statue, minmay_temple_entry_proselytizer,
          minmay_fractal_squares_diagonal_5, uniq_eustachio
D:5:      layout_basic, marbit_many_paths, nicolae_shop_clearance, uniq_pikel
D:6:      layout_gridville
D:7:      layout_gridville, serial_shops, shop, uniq_prince_ribbit1
D:8:      kennysheep_kobold_camp, layout_loops_ring,
          chequers_serial_rivers_micro_d
D:9:      layout_roguey, david_orc_5
D:10:     layout_long_grid, old_standard_altar, lair_entry_dummy, uniq_josephine
D:11:     layout_loops_corners, serial_shops, shop, nicolae_lakefront_shop,
          nicolae_shop_trees, shop, nicolae_diamond_shop
D:12:     layout_basic, uniq_lodul, uniq_gastronok, uniq_erolcha, uniq_jorgrun,
          uniq_psyche
D:13:     layout_layer_cave, skrybe_vaults_entry_preservation, laboratory
D:14:     layout_layer_cave, hangedman_decor_opposing, grunt_ministairs_2,
          nrook_loot_triangle
D:15:     hangedman_depths_entry_civil_slaughter, layout_gridville,
          minmay_orc_keep, uniq_azrael
Temple:   minmay_freezing_vapour_temple
Lair:1:   layout_loops_ring, basic_altar
Lair:2:   layout_cellular_growth, nicolae_spider_entry_tight_spaces,
          lemuel_fruit_tree
Lair:3:   wander_river, layout_gridlike, minmay_swamp_entry_worms,
          infiniplex_staircase_pool_2, uniq_amaemon
Lair:4:   layout_hall_layers, minmay_slime_entry_pillars, serial_rivers,
          chequers_serial_rivers_room_b, chequers_serial_rivers_micro_c,
          chequers_serial_rivers_marsh, chequers_serial_rivers_micro_c
Lair:5:   minmay_lair_end_frog_pond, layout_gridlike, ebering_ghost_rock_garden,
          nicolae_lair_lindhole
Swamp:1:  layout_basic_swamp, portal_ice_cave_entry_frozen_things,
          evilmike_swamp_ruin_house_4, swamp_pool5, nicolae_swamp_spooky_pond,
          uniq_aizul
Swamp:2:  nicolae_swamp_tree_isthmus, layout_basic_swamp,
          evilmike_swamp_ruin_house_2
Swamp:3:  layout_falls_marsh, gammafunk_ghost_cemetery,
          evilmike_swamp_ruin_house_6, swamp_pool1
Swamp:4:  swamp_icy, layout_basic_swamp
Spider:1: layout_cave_pods, drop_trap, hangedman_spider_tarantella_strand
Spider:2: layout_spider_delve
Spider:3: layout_chambers, drop_trap, uniq_arachne
Spider:4: guppyfry_spider_rune, drop_trap, nicolae_orb_island, uniq_bai_suzhen
Orc:1:    hellmonk_paralyzer, layout_diamond_mine, minmay_orc_temple_c,
          uniq_urug
Orc:2:    grunt_orc_tribal_feast, layout_caves, basic_altar
Vaults:1: hellmonk_ghost_big_iron, hangedman_vaults_snaps,
          nicolae_vaults_shelves_hall, hangedman_vaults_cutoff,
          ontoclasm_vaults_hangar, v_misc_2, nicolae_vaults_stairing_the_circle,
          nicolae_vaults_little_squares_3, v_pattern_4,
          nicolae_vaults_little_squares_3, special_room_vaults
          [special_room_orc], nicolae_vaults_asterisk, vaults_dpeg_encased_lava,
          layout_vaults_chaotic_city
Vaults:2: nicolae_vaults_twisting_passages, nicolae_vaults_triangles,
          v_alt_pattern_5, v_misc_26, vaults_room_large_hall,
          dpeg_vaults_monster_box, nicolae_vaults_mini_display_case,
          layout_vaults_quadrants, minmay_crypt_entry_necro_gods, serial_shops,
          shop, shop
Vaults:3: nicolae_vaults_alarming, v_pattern_5, st_greater_box_4,
          hangedman_vaults_capsules, grunt_vaults_hallway_short,
          grunt_vaults_bifocal, ontoclasm_vaults_fault,
          nicolae_vaults_three_branches, v_misc_19, nicolae_vaults_what_the_h,
          nicolae_vaults_little_squares_6, layout_vaults_omnicross,
          serial_shops, nicolae_square_shop
Vaults:4: nicolae_vaults_inception_corners, nicolae_vaults_ninety_degrees,
          v_misc_10, nicolae_vaults_know_your_exits, v_alt_pattern_4,
          nicolae_vaults_circle_grid_b, vaults_room_grid,
          nicolae_vaults_angled_halls, ontoclasm_vaults_chip,
          ontoclasm_vaults_loading_screen, layout_vaults_omnibox, serial_shops,
          shop, nicolae_shop_bloodbath_and_beyond, nicolae_shop_waterfront
Vaults:5: serial_shops
Crypt:1:  gammafunk_its_a_trap, layout_gridlike, basic_altar,
          grunt_crypt_arrival_split
Crypt:2:  layout_gridlike
Crypt:3:  evilmike_haunted_forest
Tomb:1
Tomb:2:   uniq_mennas
Tomb:3
Depths:1: layout_cave_pools, lemuel_blue_sif_altar,
          nicolae_hell_entry_big_baal_hell, rand_demon_pan_entry_4,
          nicolae_abyss_entry_one_way_or_another,
          minmay_checkered_concentric_circles
Depths:2: hellmonk_ruined_rings, layout_long_grid, marbit_kobold_abyss_entry,
          grunt_hell_entry_dis_mu, rand_demon_pan_entry_5,
          nicolae_ashenzari_skybound, infiniplex_staircase_door_maze
Depths:3: minmay_inner_zag, layout_gridlike, hangedman_abyss_entry_splay,
          amcnicky_mini_rare_corridor_liquid,
          nicolae_hell_entry_hellmouth_sunbeams, minmay_holes
Depths:4: grunt_zot_entry_tricorne, layout_honeycomb, enter_ziggurat_f,
          nicolae_trove_entry_isolated, pan_entry, hangedman_coc_ice_floe,
          uniq_margery
Zot:1:    layout_misc_corridors
Zot:2:    layout_gridlike, hellmonk_ghost_happy_afterlife, grunt_ministairs_6,
          st_stairs_2, uniq_vv
Zot:3:    layout_twisted_circle
Zot:4:    layout_basic

Skill      XL: |  1  2  3  4  5  6  7  8  9 10 11 12 13 14 15 16 17 18 19 20 21 22 23 24 25 26 |
---------------+-------------------------------------------------------------------------------+-----
Axes           | 2 3 4 5 7 8 10 11 13 14 16 17 18 | 18.0
Throwing       | 1 2 3 5 6 7 9 10 12 | 12.0
Dodging        | 1 2 3 7 8 9 11 12 | 12.0
Fighting       | 4 6 7 8 9 10 11 12 13 14 17 19 20 21 22 | 22.0
Invocations    | 4 6 9 10 14 20 24 | 24.1
Armour         | 4 5 8 9 10 11 12 13 14 18 20 | 20.8
Shields        | 4 5 6 7 8 9 10 11 12 15 18 20 21 | 21.3

Action                   |  1- 3 |  4- 6 |  7- 9 | 10-12 | 13-15 | 16-18 | 19-21 | 22-24 | 25-27 || total
-------------------------+-------+-------+-------+-------+-------+-------+-------+-------+-------++-------
Melee: War axe           |    79 |       |       |       |       |    14 |       |       |       ||    93
       Broad axe         |    42 |    98 |   249 |   546 |   824 |  1072 |  1217 |  1484 |   737 ||  6269
       Hand axe          |     1 |       |       |       |       |       |       |       |       ||     1
       Demon whip        |       |       |       |       |    22 |       |       |       |       ||    22
Throw: Javelin           |       |    25 |    48 |    19 |    74 |    90 |    99 |   172 |    50 ||   577
       Boomerang         |       |       |       |    48 |   159 |   122 |    57 |    24 |    32 ||   442
Invok: Heroism           |       |       |     8 |    26 |    52 |    46 |    37 |    48 |       ||   217
       Finesse           |       |       |       |       |    14 |    11 |    10 |    14 |       ||    49
       Cleansing Flame   |       |       |       |       |       |       |       |     3 |    65 ||    68
       Brand Weapon With |       |       |       |       |       |       |       |     1 |       ||     1
       Summon Divine War |       |       |       |       |       |       |       |       |    18 ||    18
  Use: Scroll            |     2 |     5 |     8 |     5 |     5 |     5 |    10 |     7 |    16 ||    63
       Potion            |       |     3 |     1 |     6 |     4 |     6 |     1 |     9 |    21 ||    51
 Stab: Petrified         |       |       |       |       |     4 |       |       |       |       ||     4
       Distracted        |       |       |       |       |       |     1 |     3 |     1 |       ||     5
       Confused          |       |       |       |       |       |       |       |     1 |       ||     1
Armor: Scale mail        |    68 |    61 |    73 |       |       |       |       |       |       ||   202
       Chain mail        |       |       |    52 |    70 |       |       |       |       |       ||   122
       Plate armour      |       |       |       |   158 |   314 |   153 |   212 |   472 |   499 ||  1808
       Ring mail         |       |       |       |       |       |   442 |   188 |       |       ||   630
Dodge: Dodged            |    58 |    63 |    77 |   118 |   149 |   552 |   390 |   346 |   400 ||  2153
       Repelled          |       |       |       |     1 |     4 |    10 |     7 |       |       ||    22
Block: Buckler           |    26 |    29 |   109 |   305 |   313 |   668 |   266 |       |       ||  1716
       Reflection        |       |       |     3 |    10 |     8 |    21 |    52 |    37 |    12 ||   143
       Tower shield      |       |       |       |       |       |       |   554 |  1353 |  1138 ||  3045

Table legend:
 A = Non-vault XP
 B = Vault XP
 C = Vault XP percentage of total XP
 D = Non-vault monster count
 E = Vault monster count
 F = Vault count percentage of total count
                 A         B        C        D         E       F
            +---------+---------+-------+---------+---------+-------
      Total |  608956 |  640996 |  51.3 |    1270 |     938 |  42.5
            +---------+---------+-------+---------+---------+-------
        D:1 |      43 |       0 |   0.0 |      24 |       0 |   0.0
        D:2 |      66 |       0 |   0.0 |      20 |       0 |   0.0
        D:3 |      64 |       0 |   0.0 |      17 |       0 |   0.0
        D:4 |     408 |     296 |  42.0 |      18 |       7 |  28.0
        D:5 |     621 |     643 |  50.9 |      15 |       2 |  11.8
        D:6 |    1006 |       0 |   0.0 |      23 |       0 |   0.0
        D:7 |    1582 |     283 |  15.2 |      10 |       1 |   9.1
        D:8 |    1778 |     123 |   6.5 |      25 |      21 |  45.7
        D:9 |    3602 |     570 |  13.7 |      27 |      23 |  46.0
       D:10 |    4184 |    1920 |  31.5 |      19 |       6 |  24.0
       D:11 |    2324 |       0 |   0.0 |      11 |       0 |   0.0
       D:12 |    3106 |    6258 |  66.8 |       6 |      14 |  70.0
       D:13 |    7199 |    8072 |  52.9 |      22 |      22 |  50.0
       D:14 |    5690 |    1156 |  16.9 |      19 |       2 |   9.5
       D:15 |    7293 |    7883 |  51.9 |      15 |      22 |  59.5
     Lair:1 |    5449 |       0 |   0.0 |      19 |       0 |   0.0
     Lair:2 |    2981 |    1641 |  35.5 |      12 |       8 |  40.0
     Lair:3 |    5596 |    1957 |  25.9 |      24 |       7 |  22.6
     Lair:4 |    6206 |     172 |   2.7 |      23 |       4 |  14.8
     Lair:5 |    7514 |    9346 |  55.4 |      23 |      35 |  60.3
    Swamp:1 |    7379 |    8169 |  52.5 |      17 |      13 |  43.3
    Swamp:2 |   14149 |       0 |   0.0 |      30 |       0 |   0.0
    Swamp:3 |   11124 |       0 |   0.0 |      20 |       0 |   0.0
    Swamp:4 |   11284 |    7379 |  39.5 |      19 |      30 |  61.2
   Spider:1 |   29585 |     260 |   0.9 |      68 |       1 |   1.4
   Spider:2 |   10396 |       0 |   0.0 |      28 |       0 |   0.0
   Spider:3 |   24213 |    2080 |   7.9 |      58 |       1 |   1.7
   Spider:4 |    9594 |   25341 |  72.5 |      30 |      40 |  57.1
      Orc:1 |    4628 |    4263 |  47.9 |      37 |      25 |  40.3
      Orc:2 |    3401 |    7579 |  69.0 |      20 |      30 |  60.0
   Vaults:1 |   23316 |   19797 |  45.9 |      40 |      52 |  56.5
   Vaults:2 |   34889 |   15744 |  31.1 |      54 |      21 |  28.0
   Vaults:3 |   40634 |   51717 |  56.0 |      56 |      57 |  50.4
   Vaults:4 |   21341 |   40426 |  65.4 |      31 |      52 |  62.7
   Vaults:5 |   12717 |   82798 |  86.7 |      20 |      72 |  78.3
    Crypt:1 |   25225 |       0 |   0.0 |      42 |       0 |   0.0
    Crypt:2 |   20363 |       0 |   0.0 |      28 |       0 |   0.0
    Crypt:3 |       0 |   59560 | 100.0 |       0 |     105 | 100.0
     Tomb:1 |   14277 |  107471 |  88.3 |      39 |      66 |  62.9
     Tomb:2 |    9924 |   47899 |  82.8 |      34 |      55 |  61.8
     Tomb:3 |   13908 |   58080 |  80.7 |      24 |      73 |  75.3
   Depths:1 |   30781 |   15594 |  33.6 |      38 |      18 |  32.1
   Depths:2 |   17124 |    1785 |   9.4 |      21 |       5 |  19.2
   Depths:3 |   25863 |   16130 |  38.4 |      30 |      23 |  43.4
   Depths:4 |   16197 |   21826 |  57.4 |      23 |      20 |  46.5
      Zot:1 |   10917 |    3235 |  22.9 |      13 |       1 |   7.1
      Zot:2 |   13937 |    3543 |  20.3 |      11 |       4 |  26.7
      Zot:3 |   51730 |       0 |   0.0 |      44 |       0 |   0.0
      Zot:4 |   33348 |       0 |   0.0 |      23 |       0 |   0.0
            +---------+---------+-------+---------+---------+-------
